 Dungeon Crawl Stone Soup version 0.22.1-1-ga44c0e56f4 (webtiles) character file.

12040593 3rdEnemy the Conqueror (level 27, 273/273 HPs)
             Began as a Minotaur Fighter on Sept 23, 2018.
             Was the Champion of the Shining One.
             Escaped with the Orb
             ... and 15 runes on Sept 25, 2018!
             The game lasted 13:37:40 (138638 turns).

3rdEnemy the Conqueror (Minotaur Fighter)         Turns: 138638, Time: 13:37:40

Health: 273/273    AC: 48    Str: 28    XL:     27
Magic:  47/47      EV: 34    Int: 14    God:    the Shining One [******]
Gold:   6636       SH:  0    Dex: 27    Spells: 26/26 levels left

rFire    + + +     SeeInvis .   b - +9 great mace (holy)
rCold    + + +     Gourm    .   (shield currently unavailable)
rNeg     + + +     Faith    .   t - +12 gold dragon scales
rPois    +         Spirit   +   (helmet restricted)
rElec    +         Reflect  .   T - scarf {rC+ rF+}
rCorr    +         Harm     .   i - +0 pair of gloves "Irheish" {rCorr}
MR       ++++.     Clarity  +   D - +0 pair of boots "Inkoit" {rC+ Str+2}
Stlth    ..........             Y - amulet of Baclosas {Spirit rElec MR+ Dex+4 Slay+2}
HPRegen  0.55/turn              g - ring of the Eleven Continents {MR+ Int+4 Slay+3}
MPRegen  0.30/turn              G - ring "Jocewock" {rF+ rN+ AC+5}

@: brilliant, agile, glowing
A: retaliatory headbutt, horns 2, clarity, high mp 2, subdued magic 1
0: Orb of Zot
}: 15/15 runes: serpentine, barnacled, slimy, silver, golden, iron, obsidian,
icy, bone, abyssal, demonic, glowing, magical, fiery, dark
a: Divine Shield, Cleansing Flame, Summon Divine Warrior, Brand Weapon With Holy
Wrath, Renounce Religion


You escaped.
You worshipped the Shining One.
The Shining One was exalted by your worship.
You were not hungry.

You visited 18 branches of the dungeon, and saw 90 of its levels.
You visited Pandemonium 2 times, and saw 9 of its levels.
You visited the Abyss 8 times.
You visited 1 bazaar.
You completed 1 ziggurat, and saw 27 of its levels.
You also visited: Trove, Ice Cave, Volcano and Wizlab.

You collected 19761 gold pieces.
You spent 8419 gold pieces at shops.
You donated 4706 gold pieces to Zin.

Inventory:

Hand Weapons
 a - the +11 longbow "Jyng" {flame, Dex+2}
   (You found it on level 1 of the Shoals)

   It causes projectiles fired from it to burn those they strike, causing extra
   injury to most foes and up to half again as much damage against particularly
   susceptible opponents.
   It affects your dexterity (+2).
 b - a +9 great mace of holy wrath (weapon)
 c - a +9 battleaxe of freezing
 d - the +7 captain's cutlass {speed, disarm}
   (You found it on level 5 of the Dungeon)

   Attacks with this weapon are significantly faster.
 w - the +7 halberd "Izozxyam" {holy, rElec Int-3 Dex+4}
   (You found it in Pandemonium)

   It has been blessed by the Shining One to cause great damage to the undead
   and demons.
   It affects your intelligence (-3).
   It affects your dexterity (+4).
   It insulates you from electricity.
 y - the +7 broad axe "Lifebane" {elec, *Rage +Rage MR+ SInv}
   (You found it on level 3 of the Elven Halls)

   Occasionally, upon striking a foe, it will discharge some electrical energy
   and cause terrible harm.
   It affects your resistance to hostile enchantments.
   It lets you see invisible.
   It lets you go berserk.
   It may make you go berserk in combat.
 A - the +7 glaive "Faudgh" {freeze, +Fly rF++ rC-}
   (You found it in a treasure trove)

   It has been specially enchanted to freeze those struck by it, causing extra
   injury to most foes and up to half again as much damage against particularly
   susceptible opponents.
   It can also slow down cold-blooded creatures.
   It greatly protects you from fire.
   It makes you vulnerable to cold.
   It lets you fly.
Missiles
 z - 2792 arrows
 K - 1541 bolts
Armour
 i - the +0 pair of gloves "Irheish" (worn) {rCorr}
   (You bought it in a shop on level 2 of the Elven Halls)

   It provides partial protection from all sources of acid and corrosion.
 t - +12 gold dragon scales (worn)
 x - a scarf of cloud immunity
 D - the +0 pair of boots "Inkoit" (worn) {rC+ Str+2}
   (You found it on level 16 of a ziggurat)

   It affects your strength (+2).
   It protects you from cold.
 J - a +2 pair of boots of flying
 T - a scarf of resistance (worn)
 X - a +2 hat of see invisible
Jewellery
 g - the ring of the Eleven Continents (left hand) {MR+ Int+4 Slay+3}
   (You acquired it on level 25 of a ziggurat)

   [ring of protection from magic]

   It affects your intelligence (+4).
   It affects your accuracy and damage with ranged weapons and melee attacks
   (+3).
   It affects your resistance to hostile enchantments.
 G - the ring "Jocewock" (right hand) {rF+ rN+ AC+5}
   (You took it off a deep elf archer on level 3 of the Elven Halls)

   [ring of protection]

   It affects your AC (+5).
   It protects you from fire.
   It protects you from negative energy.
 Y - the amulet of Baclosas (around neck) {Spirit rElec MR+ Dex+4 Slay+2}
   (You bought it in a shop on level 1 of the Elven Halls)

   [amulet of guardian spirit]

   It causes incoming damage to be split between your health and magic.
   It affects your dexterity (+4).
   It affects your accuracy and damage with ranged weapons and melee attacks
   (+2).
   It insulates you from electricity.
   It affects your resistance to hostile enchantments.
Wands
 V - a wand of digging (65)
Scrolls
 j - 5 scrolls of blinking
 k - 46 scrolls of remove curse
 l - 16 scrolls of magic mapping
 n - 19 scrolls of teleportation
 p - 6 scrolls of enchant armour
 r - 5 scrolls of identify
 s - 9 scrolls of enchant weapon
 u - 16 scrolls of fog
 I - 3 scrolls of brand weapon
 L - 14 scrolls of fear
 Q - 6 scrolls of holy word
 S - 5 scrolls of silence
Potions
 e - 22 potions of curing
 h - 13 potions of lignification
 m - 9 potions of flight
 o - 7 potions of heal wounds
 q - a potion of magic
 v - 3 potions of might
 B - 4 potions of brilliance
 C - 14 potions of mutation
 M - a potion of ambrosia
 N - 7 potions of berserk rage
 O - 7 potions of agility
Miscellaneous
 E - a crystal ball of energy
 H - 2 +1 figurines of a ziggurat
Comestibles
 f - 91 rations


   Skills:
 O Level 27 Fighting
 O Level 27 Short Blades
 O Level 27 Long Blades
 O Level 27 Axes
 O Level 27 Maces & Flails
 O Level 27 Polearms
 O Level 27 Staves
 O Level 27 Bows
 + Level 13.5 Throwing
 O Level 27 Armour
 O Level 27 Dodging
 - Level 1.0 Stealth
 O Level 27 Shields
 O Level 27 Invocations


You had 26 spell levels left.
You didn't know any spells.
Your spell library contained the following spells:

 Spells                   Type           Power        Failure   Level  Hunger
 Animate Skeleton         Necr           N/A          16%         1    ##.....
 Apportation              Tloc           #.....       16%         1    ##.....
 Beastly Appendage        Tmut           #.....       16%         1    ##.....
 Confusing Touch          Hex            #.....       16%         1    ##.....
 Corona                   Hex            #......      16%         1    ##.....
 Flame Tongue             Conj/Fire      #....        16%         1    ##.....
 Freeze                   Ice            #...         16%         1    ##.....
 Infusion                 Chrm           #...         16%         1    ##.....
 Magic Dart               Conj           #...         16%         1    ##.....
 Pain                     Necr           #...         16%         1    ##.....
 Sandblast                Erth           #.....       16%         1    ##.....
 Shock                    Conj/Air       #...         16%         1    ##.....
 Sting                    Conj/Pois      #...         16%         1    ##.....
 Summon Butterflies       Summ           #.......     16%         1    ##.....
 Summon Small Mammal      Summ           #...         16%         1    ##.....
 Blink                    Tloc           N/A          22%         2    ###....
 Call Imp                 Summ           #.......     22%         2    ###....
 Corpse Rot               Necr           N/A          22%         2    ###....
 Ensorcelled Hibernation  Hex/Ice        #.....       22%         2    ###....
 Passwall                 Tmut/Erth      #.......     22%         2    ###....
 Poisonous Vapours        Pois/Air       #.....       22%         2    ###....
 Searing Ray              Conj           #.....       22%         2    ###....
 Shroud of Golubria       Chrm/Tloc      #.........   22%         2    ###....
 Slow                     Hex            #.......     22%         2    ###....
 Song of Slaying          Chrm           #.......     22%         2    ###....
 Sticks to Snakes         Tmut           #.......     22%         2    ###....
 Sublimation of Blood     Necr           #.........   22%         2    ###....
 Swiftness                Chrm/Air       #.......     22%         2    ###....
 Throw Flame              Conj/Fire      #.....       22%         2    ###....
 Throw Frost              Conj/Ice       #.....       22%         2    ###....
 Call Canine Familiar     Summ           #.......     38%         3    ####...
 Confuse                  Hex            #.......     38%         3    ####...
 Conjure Flame            Conj/Fire      #.......     38%         3    ####...
 Dazzling Spray           Conj/Hex       #.....       38%         3    ####...
 Gell's Gravitas          Tloc           #.........   38%         3    ####...
 Ignite Poison            Fire/Tmut/Pois #.......     38%         3    ####...
 Inner Flame              Hex/Fire       #.......     38%         3    ####...
 Lesser Beckoning         Tloc           #.........   38%         3    ####...
 Mephitic Cloud           Conj/Pois/Air  #.......     38%         3    ####...
 Ozocubu's Armour         Chrm/Ice       #.......     38%         3    ####...
 Portal Projectile        Hex/Tloc       #.....       38%         3    ####...
 Recall                   Summ/Tloc      N/A          38%         3    ####...
 Regeneration             Chrm/Necr      #.........   38%         3    ####...
 Spectral Weapon          Hex/Chrm       #.......     38%         3    ####...
 Spider Form              Tmut/Pois      #.........   38%         3    ####...
 Static Discharge         Conj/Air       #.......     38%         3    ####...
 Stone Arrow              Conj/Erth      #.....       38%         3    ####...
 Summon Guardian Golem    Hex/Summ       #.......     38%         3    ####...
 Teleport Other           Tloc           #.......     38%         3    ####...
 Tukima's Dance           Hex            #.......     38%         3    ####...
 Vampiric Draining        Necr           #.........   38%         3    ####...
 Airstrike                Air            #.........   75%         4    #####..
 Animate Dead             Necr           N/A          75%         4    #####..
 Cause Fear               Hex            #.........   75%         4    #####..
 Force Lance              Conj/Tloc      #.......     75%         4    #####..
 Fulminant Prism          Conj/Hex       #.........   75%         4    #####..
 Ice Form                 Ice/Tmut       #.......     75%         4    #####..
 Iskenderun's Mystic Bla  Conj           #.......     75%         4    #####..
 Leda's Liquefaction      Hex/Erth       #.........   75%         4    #####..
 Olgreb's Toxic Radiance  Pois           #.......     75%         4    #####..
 Petrify                  Tmut/Erth      #.......     75%         4    #####..
 Sticky Flame             Conj/Fire      #.......     75%         4    #####..
 Summon Ice Beast         Ice/Summ       #.......     75%         4    #####..
 Summon Lightning Spire   Summ/Air       #.......     75%         4    #####..
 Throw Icicle             Conj/Ice       #.......     75%         4    #####..
 Agony                    Necr           #.......     96%         5    ######.
 Alistair's Intoxication  Tmut/Pois      #.......     96%         5    ######.
 Aura of Abjuration       Summ           #.........   96%         5    ######.
 Blade Hands              Tmut           #.........   96%         5    ######.
 Bolt of Draining         Conj/Necr      #.........   96%         5    ######.
 Bolt of Magma            Conj/Fire/Erth #.........   96%         5    ######.
 Borgnjor's Vile Clutch   Necr/Erth      #.........   96%         5    ######.
 Dispel Undead            Necr           #.......     96%         5    ######.
 Excruciating Wounds      Chrm/Necr      #.........   96%         5    ######.
 Fireball                 Conj/Fire      #.........   96%         5    ######.
 Irradiate                Conj/Tmut      #.........   96%         5    ######.
 Iskenderun's Battlesphe  Conj/Chrm      #.......     96%         5    ######.
 Lee's Rapid Deconstruct  Erth           #.........   96%         5    ######.
 Lightning Bolt           Conj/Air       #.........   96%         5    ######.
 Metabolic Englaciation   Hex/Ice        #.........   96%         5    ######.
 Silence                  Hex/Air        #.........   96%         5    ######.
 Summon Demon             Summ           #.........   96%         5    ######.
 Summon Forest            Summ/Tloc      #.........   96%         5    ######.
 Summon Mana Viper        Hex/Summ       #.......     96%         5    ######.
 Venom Bolt               Conj/Pois      #.........   96%         5    ######.
 Yara's Violent Unravell  Hex/Tmut       #.........   96%         5    ######.
 Bolt of Cold             Conj/Ice       #.........   100%        6    #######
 Bolt of Fire             Conj/Fire      #.........   100%        6    #######
 Conjure Ball Lightning   Conj/Air       #.........   100%        6    #######
 Darkness                 Hex            #.........   100%        6    #######
 Deflect Missiles         Chrm/Air       #.........   100%        6    #######
 Dispersal                Tloc           #.........   100%        6    #######
 Freezing Cloud           Conj/Ice/Air   #.........   100%        6    #######
 Hydra Form               Tmut           #.........   100%        6    #######
 Invisibility             Hex            #.......     100%        6    #######
 Iron Shot                Conj/Erth      #.........   100%        6    #######
 Ozocubu's Refrigeration  Ice            #.........   100%        6    #######
 Shadow Creatures         Summ           N/A          100%        6    #######
 Simulacrum               Ice/Necr       #.........   100%        6    #######
 Statue Form              Tmut/Erth      #........    100%        6    #######
 Dragon Form              Tmut           #.........   100%        7    #######
 Malign Gateway           Summ/Tloc      #.........   100%        7    #######
 Monstrous Menagerie      Summ           #.........   100%        7    #######
 Orb of Destruction       Conj           #.........   100%        7    #######
 Ring of Flames           Chrm/Fire      #.........   100%        7    #######
 Spellforged Servitor     Conj/Summ      #.........   100%        7    #######
 Summon Greater Demon     Summ           #.........   100%        7    #######
 Summon Hydra             Summ           #.........   100%        7    #######
 Discord                  Hex            #.........   100%        8    #######
 Disjunction              Tloc           #.........   100%        8    #######
 Ignition                 Fire           #.........   100%        8    #######
 Summon Horrible Things   Summ           #.........   100%        8    #######
 Dragon's Call            Summ           #.........   100%        9    #######
 Shatter                  Erth           #.........   100%        9    #######
 Tornado                  Air            #.........   100%        9    #######
 Passage of Golubria      Tloc           Unusable     N/A         4    N/A

Dungeon Overview and Level Annotations

Branches:
Dungeon (15/15)            Temple (1/1) D:4            Lair (6/6) D:9
 Shoals (4/4) Lair:2        Snake (4/4) Lair:4        Slime (5/5) Lair:6
    Orc (2/2) D:9             Elf (3/3) Orc:2        Vaults (5/5) D:13
  Crypt (3/3) Vaults:3       Tomb (3/3) Crypt:3      Depths (5/5) D:15
   Hell (1/1)                 Dis (7/7) Hell            Geh (7/7) Hell
    Coc (7/7) Hell            Tar (7/7) Hell            Zot (5/5) Depths:5

Altars:
Ashenzari
Cheibriados
Dithmenos
Elyvilon
Fedhas
Gozag
Hepliaklqana
Kikubaaqudgha
Makhleb
Nemelex Xobeh
Okawaru
Qazlal
Ru
Sif Muna
Trog
Uskayaw
Vehumet
Wu Jian
Xom
Yredelemnul
Zin
The Shining One
Beogh
Jiyva

Shops:
D:8 (   D:12 =   Orc:2 [*!=   Elf:1 }=}   Elf:2 =[(   Shoals:2 *[*[
Shoals:4 *   Snake:1 =   Snake:2 [***   Snake:3 =   Vaults:3 =   Vaults:4 (
Depths:1 }[!   Depths:2 }*[%   Depths:5 [}

Portals:
Hell: Depths:1 Depths:2 Depths:3 Depths:4 Depths:5
Abyss: Depths:4
Pandemonium: Depths:2 Depths:3 Depths:5

Annotations:
Lair:5 oklob


Innate Abilities, Weirdness & Mutations

You reflexively headbutt those who attack you in melee.
You have a pair of horns on your head.
You possess an exceptional clarity of mind.
You have a considerably increased reservoir of magic. (+20% MP)
Your spells are a little easier to cast, but a little less powerful.


Message History

The Shining One accepts your kill.
You feel better.
No target in view!
No target in view!
A soul eater comes into view.
The soul eater hits you but does no damage.
You pound the soul eater like an anvil!!!
The soul eater convulses!!!
You kill the soul eater!
You feel better.
No target in view!
There is a staircase leading out of the dungeon here.
You feel extremely strange.
You feel stronger.
Your rugged brown scales disappear.
The horns on your head shrink a bit. Nature stops experimenting on you.
Your thoughts seem clearer.
You feel clever all of a sudden.
You feel agile all of a sudden.
Okay, then.
You have escaped!

##....+.......[....##.####.######
##....#.####..........# #.#
#######.####.#.....#..## #.#
#....[.##...##...###.#
##.....###.###....##.#
#..###.##.##.###.##.#
#...###.#.#.###...#.#
#....###...###......#
#........@....3..##.#
#....###...###...##.#
#...###.#.#.###..##.#
#..###.##.##.###..#.#
#.....###.###.......#
#.....##...##...###.#
##....#.....#....##.#
###...........#.##.#
#...........#.##.#


You could see a sixfirhy.

Vanquished Creatures
  Cerebov (Pan)
  Lom Lobon (Pan)
  Gloorx Vloq (Pan)
  Mnoleg (Pan)
  Khufu (Tomb:2)
  9 orbs of fire
  30 pandemonium lords
  Mara (Crypt:1)
  15 ancient liches
  14 juggernauts
  Boris (Crypt:3)
  40 greater mummies
  The ghost of Niman the Acrobat, a veteran MfGl of Ashenzari (Zot:2)
  19 shard shrikes
  4 curse toes
  Saint Roka (Vaults:5)
  Bai Suzhen (Crypt:2)
  Margery (Vaults:5)
  The ghost of Eckapono the Champion of Chaos, a veteran DDFi of Makhleb (Zot:5)
  A golden dragon (shapeshifter) (Zig:24)
  16 Killer Klowns
  3 caustic shrikes (Zig:18)
  16 golden dragons
  Geryon (Hell)
  The ghost of Sergey the Champion of Chaos, an adept DDFi of Makhleb (Zot:5)
  3 profane servitors
  Jory (Vaults:5)
  4 pearl dragons (Zig:13)
  Nikola (Snake:2)
  11 doom hounds
  29 bone dragons
  22 liches
  19 Brimstone Fiends
  4 hellephants
  27 Tzitzimimeh
  6 iron giants
  4 electric golems
  31 Ice Fiends
  14 tentacled monstrosities
  25 Hell Sentinels
  The ghost of Cumedugu the Champion of Chaos, an adept DDFi of Makhleb (Vaults:1)
  18 titans
  Asterion (Snake:3)
  27 Orb Guardians
  An acid blob (shapeshifter) (Vaults:5)
  2 quicksilver dragons (shapeshifter)
  12 quicksilver dragons
  Murray (Hell)
  12 sphinxes
  8 deep elf master archers (Zig:26)
  8 deep elf blademasters
  36 Executioners
  34 acid blobs
  8 death cobs
  2 krakens
  58 tentacled starspawn
  Frances (Snake:2)
  A sphinx (shapeshifter) (Zig:19)
  5 eldritch tentacles
  Agnes (Elf:2)
  Kirke (Lair:6)
  13 ancient champions
  A shadow dragon (shapeshifter) (Zig:9)
  Roxanne (D:15)
  18 shadow dragons
  Donald (Elf:1)
  23 nagarajas
  A thorn hunter (Abyss:1)
  13 revenants
  20 storm dragons
  11 tengu reavers
  17 azure jellies
  A frost giant (shapeshifter) (Zig:24)
  4 draconian monks
  2 daevas
  An azure jelly (shapeshifter) (Zig:19)
  Ilsuiw (Shoals:2)
  8 deep elf sorcerers
  10 orc warlords
  14 draconian knights
  7 ghost moths
  32 balrugs
  13 fire giants
  An emperor scorpion (Zig:20)
  9 draconian scorchers
  Aizul (Crypt:1)
  28 vault wardens
  12 iron dragons
  2 emperor scorpions (shapeshifter)
  3 ghost moths (shapeshifter)
  28 cacodemons
  6 draconian stormcallers
  A juggernaut zombie (Zig:3)
  17 frost giants
  3 curse skulls
  15 ghouls
  8 black suns
  8 draconian shifters
  32 stone giants
  7 warmongers
  2 spriggan defenders (Depths:4)
  91 reapers
  23 ironheart preservers
  4 angels
  7 draconian annihilators
  A caustic shrike skeleton (Crypt:1)
  5 elemental wellsprings
  3 deep elf elementalists
  58 very ugly things
  A stone giant (shapeshifter) (Zig:19)
  7 entropy weavers
  18 bennus
  28 war gargoyles
  8 corrupters
  16 green draconians
  2 apis (Zig:13)
  4 ophanim
  14 blood saints
  A juggernaut skeleton (Zig:12)
  Nessos (Orc:2)
  17 deep elf demonologists
  14 lorocyprocas
  17 vampire knights
  A spark wasp (shapeshifter) (Zig:16)
  A spectral titan (Vaults:1)
  17 yellow draconians
  A minotaur (D:13)
  29 deep elf annihilators
  10 red draconians
  8 black draconians
  9 white draconians
  3 dire elephants (Zig:18)
  21 spark wasps
  17 purple draconians
  9 eidola
  The ghost of Theblade12 the Severer, a journeyman HOWn of Yredelemnul (D:13)
  32 blizzard demons
  5 crystal guardians
  9 statues (WizLab)
  4 merfolk javelineers
  7 merfolk impalers
  16 ettins
  28 mummy priests
  6 fire dragons
  16 green deaths
  4 quicksilver dragon zombies
  11 deep elf death magi
  13 deep elf high priests
  10 death oozes
  17 yaktaur captains
  Harold (D:9)
  19 great orbs of eyes
  4 kraken zombies
  8 jiangshi
  A great orb of eyes (shapeshifter) (Zig:24)
  49 vault guards
  Fannar (D:11)
  An ice dragon (shapeshifter) (Zig:25)
  16 rakshasas
  9 quicksilver dragon skeletons
  8 naga warriors
  A spectral sphinx (Vaults:1)
  3 ghost crabs
  8 spriggan air magi
  16 hydras
  9 merfolk aquamancers
  Erolcha (D:11)
  42 ice dragons
  7 centaur warriors
  3 hell beasts
  4 monstrous demonspawn (Pan)
  157 starcursed masses
  An alligator snapping turtle (Shoals:2)
  3 catoblepae
  2 anacondas (shapeshifter)
  A two-headed ogre (shapeshifter) (Depths:4)
  4 merfolk avatars
  44 dancing weapons
  6 death knights
  4 satyrs
  An alligator snapping turtle (shapeshifter) (Zig:24)
  12 anacondas
  45 two-headed ogres
  11 deep troll shamans
  A spectral stone giant (Vaults:1)
  An alligator (shapeshifter) (Zig:24)
  13 titan zombies
  61 death scarabs
  6 tengu warriors
  15 death yaks
  24 ogre magi
  Urug (D:13)
  18 vampire magi
  32 hell hogs
  13 naga sharpshooters
  18 orc high priests
  18 shock serpents
  22 iron golems
  11 deep troll earth magi
  66 thrashing horrors
  48 wretched stars
  67 soul eaters
  A shock serpent (shapeshifter) (Zig:24)
  62 hell knights
  5 storm dragon zombies
  Nergalle (Lair:4)
  Sonja (Lair:6)
  67 sun demons
  18 spatial maelstroms
  A spriggan berserker (Depths:5)
  19 shadow wraiths
  6 titan skeletons
  9 fire crabs
  22 sixfirhies
  35 iron trolls
  35 deep elf knights
  A spark wasp zombie (Zig:7)
  158 skeletal warriors
  6 golden dragon zombies
  A death drake (shapeshifter) (Zig:19)
  2 salamander mystics
  22 sea snakes
  8 cherubim (Zig:13)
  6 storm dragon skeletons
  2 quicksilver dragon simulacra
  7 infernal demonspawn
  23 shadow demons
  2 swamp dragons (shapeshifter)
  An obsidian statue (Zot:2)
  4 ghost moth zombies
  A death drake (Abyss:3)
  11 unseen horrors
  5 gelid demonspawn
  23 flayed ghosts
  3 swamp dragons (Abyss:3)
  A kraken simulacrum (Coc:7)
  13 glowing orange brains
  7 torturous demonspawn (Pan)
  15 wizards
  7 naga ritualists
  A spriggan druid (Zig:18)
  31 deep trolls
  A tengu zombie (Zig:12)
  32 deep elf archers
  20 ironbrand convokers
  4 shadow dragon zombies
  13 anaconda skeletons
  9 golden dragon skeletons
  15 harpies
  21 phantasmal warriors
  22 anaconda zombies
  6 wolf spider zombies
  18 mana vipers
  29 necromancers
  17 orc knights
  18 fire giant zombies
  97 deep elf magi
  A mana viper (shapeshifter) (Zig:15)
  12 orc sorcerers
  8 orb spiders
  76 ugly things
  8 cyclopes
  9 iron dragon zombies
  15 oklob plants
  2 spectral ettins (Vaults:1)
  13 stone giant zombies
  A wolf spider (shapeshifter) (Zig:15)
  11 frost giant zombies
  21 shining eyes
  15 shadow dragon skeletons
  A faun (shapeshifter) (Zig:24)
  A sphinx skeleton (Crypt:2)
  A salamander (shapeshifter) (Zig:11)
  A cyclops (shapeshifter) (Zig:15)
  18 fauns
  11 iron dragon skeletons
  A moth of wrath (shapeshifter) (Zig:25)
  17 wolf spiders
  44 moths of wrath
  18 worldbinders
  8 salamanders
  Joseph (D:7)
  23 vault sentinels
  2 guardian serpents (shapeshifter)
  61 black mambas
  4 centaur zombies
  4 dire elephant zombies
  66 rust devils
  12 frost giant skeletons
  14 eyes of devastation
  14 manticores
  12 merfolk sirens
  2 elephants (shapeshifter)
  86 smoke demons
  9 torpor snails
  3 spriggan zombies
  14 stone giant skeletons
  A water nymph (shapeshifter) (Zig:19)
  16 apocalypse crabs
  7 ice statues
  16 naga magi
  3 fire giant skeletons
  Psyche (D:9)
  13 elephants
  7 water nymphs
  2 black mambas (shapeshifter)
  An eye of devastation (shapeshifter) (Vaults:5)
  31 orange demons
  13 guardian serpents
  21 molten gargoyles
  7 kobold demonologists
  A yellow draconian zombie (Dis:7)
  2 shock serpent zombies
  3 gargoyles
  2 rime drakes
  A storm dragon simulacrum (Abyss:5)
  9 dire elephant skeletons
  20 spiny frogs
  45 hellions
  5 centaur skeletons
  6 emperor scorpion zombies
  5 iron troll zombies (Dis:5)
  2 shock serpent skeletons
  3 catoblepas zombies
  71 freezing wraiths
  2 yaktaurs (shapeshifter)
  16 komodo dragons
  2 komodo dragons (shapeshifter)
  2 minotaur skeletons
  41 yaktaurs
  14 demonic crawlers
  22 efreet
  61 ice devils
  2 elves (Depths:2)
  34 red devils
  31 ancient zymes
  A white draconian skeleton (Pan)
  An anaconda simulacrum (Coc:2)
  58 guardian mummies
  2 silent spectres
  5 tyrant leeches (Abyss:3)
  A catoblepas skeleton (Coc:2)
  26 hellwings
  6 tengu conjurers
  82 tormentors
  2 spriggan skeletons
  30 hydra zombies
  9 harpy zombies
  4 meliai (shapeshifter)
  3 meliai
  11 trolls
  9 jumping spiders (Zig:20)
  23 hornets
  A wind drake (Lair:6)
  2 jumping spiders (shapeshifter)
  2 harpy skeletons
  3 polar bears
  3 wolf spider simulacra
  Prince Ribbit (D:8)
  11 snapping turtles
  18 merfolk
  A slime creature (shapeshifter) (Zig:2)
  16 hippogriffs
  101 slime creatures
  31 blink frogs
  13 ettin zombies
  A dream sheep (shapeshifter) (Abyss:1)
  A shadow dragon simulacrum (Coc:4)
  11 alligator zombies
  11 dream sheep
  13 ice dragon zombies
  6 bog bodies (Coc:7)
  2 fire giant simulacra
  14 fire dragon zombies
  13 hydra skeletons
  101 raiju
  2 snapping turtles (shapeshifter)
  48 ynoxinuls
  7 fire dragon skeletons
  A shock serpent simulacrum (Abyss:4)
  An elf simulacrum (Vaults:1)
  10 ice dragon skeletons
  7 air elementals
  A redback (shapeshifter) (Zig:11)
  3 vampires
  61 shadows
  42 wraiths
  6 spriggans
  5 tarantellas (Zig:20)
  2 dire elephant simulacra
  4 ettin skeletons
  9 redbacks
  15 ushabtiu
  177 flying skulls
  54 water elementals
  A wyvern (shapeshifter) (Zig:15)
  A yak (shapeshifter) (Zig:24)
  18 fire bats
  4 hogs (Lair:6)
  5 wyverns
  71 yaks
  4 alligator skeletons
  A basilisk (Zig:18)
  30 fire elementals
  6 humans
  Grum (D:9)
  A black mamba skeleton (Pan)
  19 golden eyes
  A golden eye (shapeshifter) (Zig:24)
  3 human simulacra (Vaults:1)
  41 neqoxecs
  49 chaos spawn
  167 large abominations
  2 steam dragons
  22 spatial vortices
  4 vampire mosquitoes
  7 hungry ghosts
  3 merfolk zombies
  21 insubstantial wisps
  An acid dragon (D:13)
  42 nagas
  10 wargs
  A soldier ant (shapeshifter) (Abyss:3)
  2 soldier ants
  A swamp worm (shapeshifter) (Zig:25)
  23 water moccasins
  5 hydra simulacra
  124 hell hounds
  A water moccasin (shapeshifter) (Zig:15)
  Duvessa (D:4)
  A merfolk skeleton (Tar:2)
  26 spiny frog zombies
  5 porcupines
  A porcupine (shapeshifter) (Zig:25)
  A torturous demonspawn skeleton (Geh:6)
  2 floating eyes (shapeshifter)
  6 floating eyes
  A black bear (Lair:2)
  2 manticore zombies
  19 ice beasts
  A swamp dragon zombie (Geh:7)
  50 orc warriors
  4 spiny frog skeletons
  3 sky beasts
  17 eyes of draining
  3 black bears (shapeshifter) (Zig:24)
  26 necrophages
  36 ogres
  An eye of draining (shapeshifter) (Zig:25)
  15 wolves
  10 phantoms
  14 centaurs
  11 snapping turtle zombies
  An alligator simulacrum (Hell)
  An ettin simulacrum (Abyss:3)
  A wolf (shapeshifter) (Zig:19)
  22 boggarts
  9 snapping turtle skeletons
  A manticore skeleton (Tar:1)
  5 swamp dragon skeletons
  21 crocodiles
  A big kobold (shapeshifter) (Depths:5)
  6 big kobolds
  An elf zombie (Coc:5)
  17 bullfrogs
  A wyvern zombie (D:10)
  A gnoll sergeant (D:9)
  Dowan (D:4)
  4 spiny frog simulacra
  A draconian skeleton (Crypt:1)
  6 earth elementals
  3 elf skeletons
  A water moccasin zombie (D:12)
  A hippogriff skeleton (Crypt:1)
  3 wyvern skeletons
  4 scorpions
  2 manticore simulacra
  99 small abominations
  A troll zombie (Abyss:1)
  A raiju zombie (Crypt:1)
  26 killer bees
  109 wights
  2 snapping turtle simulacra (Abyss:3)
  A troll skeleton (Geh:7)
  6 howler monkeys
  6 electric eels
  4 bullfrog zombies
  7 lava snakes (Volcano)
  25 crimson imps
  2 draconian simulacra (IceCv)
  14 quasits
  14 orc priests
  4 bullfrog skeletons
  A gnoll shaman (D:8)
  3 hounds
  4 human zombies
  Crazy Yiuf (D:6)
  A demonspawn zombie (Crypt:2)
  34 jellies
  25 orc wizards
  73 iron imps
  3 human skeletons
  3 iguanas
  A troll simulacrum (IceCv)
  A lightning spire (Zig:11)
  5 hell rats (Lair:5)
  6 worker ants
  2 spriggan simulacra (IceCv)
  An ogre zombie (Tar:3)
  2 centaur simulacra (IceCv)
  2 ogre skeletons
  2 spectral hounds (Depths:2)
  A hound zombie (D:9)
  A naga skeleton (Pan)
  2 tengu skeletons
  66 mummies
  2 hound skeletons
  A howler monkey zombie (D:7)
  A worker ant zombie (D:10)
  8 gnolls
  4 river rats (Lair:5)
  21 adders
  A howler monkey skeleton (D:9)
  2 naga simulacra (IceCv)
  An ogre simulacrum (IceCv)
  24 shadow imps
  30 white imps
  9 ufetubi
  9 oozes
  2 adder skeletons
  7 worms
  3 dart slugs
  3 leopard geckos
  79 orcs
  7 giant cockroaches
  A gnoll zombie (Crypt:2)
  9 goblins
  10 hobgoblins
  A hobgoblin (shapeshifter) (Zig:24)
  3 jackals (D:2)
  38 kobolds
  7 quokkas
  4 ball pythons
  7 bats
  6 frilled lizards
  A goblin skeleton (Crypt:2)
  A jackal skeleton (D:7)
  2 kobold skeletons
  A leopard gecko zombie (D:6)
  An orc zombie (Dis:6)
  11 rats
  A bush (Abyss:1)
  A crawling corpse (Zig:26)
  3 fire vortices
  6 lurking horrors
  15 plants
  67 starspawn tentacles
  13 tentacles
7893 creatures vanquished.

Vanquished Creatures (collateral kills)
  Antaeus (Coc:7)
  the Royal Jelly (Slime:5)
  Asmodeus (Geh:7)
  Ereshkigal (Tar:7)
  Dispater (Dis:7)
  An orb of fire (Zot:1)
  A Brimstone Fiend (Geh:7)
  2 Tzitzimimeh (Tar:7)
  2 tentacled monstrosities
  A titan (Zig:15)
  2 acid blobs (Slime:5)
  A sphinx (Zig:15)
  An ancient champion (Dis:7)
  2 storm dragons (Zot:1)
  A draconian monk (Zot:1)
  5 cacodemons (Pan)
  An angel (Zig:13)
  An iron dragon (Dis:7)
  An ironheart preserver (Zig:15)
  A very ugly thing (Pan)
  A reaper (Dis:7)
  A draconian annihilator (Zot:1)
  A green draconian (Zot:1)
  A black draconian (Zot:1)
  2 purple draconians (Zot:1)
  A white draconian (Zot:1)
  A blizzard demon (Dis:7)
  An ettin (Depths:3)
  A death ooze (Slime:5)
  An orc high priest (Zig:27)
  A sun demon (Pan)
  A titan skeleton (Tar:7)
  8 sixfirhies (Pan)
  A skeletal warrior (Dis:7)
  A storm dragon skeleton (Tar:7)
  An ironbrand convoker (Zig:15)
  7 large abominations (Pan)
  3 shining eyes (Pan)
  A moth of wrath (Zot:1)
  An eye of devastation (Pan)
  2 orange demons (Pan)
  A tormentor (Tar:7)
  An ettin zombie (Dis:7)
  An ettin skeleton (Pan)
  A ynoxinul (Pan)
  A shadow (Tar:7)
  2 golden eyes (Pan)
  5 neqoxecs (Pan)
  A chaos spawn (Pan)
  A swamp dragon skeleton (Tar:7)
  A spriggan zombie (Tar:7)
  2 fire vortices (Pan)
83 creatures vanquished.

Vanquished Creatures (others)
  A golden dragon (Zig:25)
  A deep elf blademaster (Zig:26)
  2 deep elf master archers (Elf:3)
  5 eldritch tentacles
  A ghost moth (Zig:20)
  A draconian shifter (Zot:3)
  An elemental wellspring (Coc:7)
  A reaper (Geh:2)
  A red draconian (Zot:3)
  A blizzard demon (Coc:7)
  A hell beast (Zig:24)
  31 death scarabs
  A hell hog (Abyss:1)
  A soul eater (Pan)
  A wretched star (Abyss:1)
  A storm dragon skeleton (Geh:7)
  A deep elf archer (Elf:3)
  3 deep elf magi
  A mana viper (shapeshifter) (Zig:25)
  An ugly thing (Zig:19)
  A cyclops (Vaults:2)
  A moth of wrath (Zot:5)
  A fire giant zombie (Geh:7)
  2 black mambas
  A smoke demon (Abyss:5)
  4 yaktaurs
  A hellion (Geh:2)
  A hornet (Abyss:3)
  A wind drake (shapeshifter) (Zig:24)
  2 raiju
  A large abomination (Abyss:5)
  5 flying skulls
  A redback (shapeshifter) (Zig:15)
  A ynoxinul (Pan)
  2 wraiths (Geh:7)
  A chaos spawn (Zig:24)
  2 neqoxecs
  A fire elemental (Geh:6)
  A black mamba skeleton (Tomb:1)
  3 small abominations
  3 hell hounds
  A necrophage (Geh:2)
  A crocodile (Zig:18)
  4 wights
  A human zombie (Geh:7)
  2 iron imps (Dis:7)
  2 mummies
  A white imp (Abyss:3)
  An ufetubus (Zot:5)
  9 ball lightnings (Pan)
  An orc skeleton (Geh:7)
  A rat (D:2)
  3 bushes (Abyss:3)
  2 demonic plants (Abyss:3)
  A fire vortex (Pan)
  8 fungi
  5 lurking horrors
  2 pillars of salt (Abyss:1)
  39 plants
  106 starspawn tentacles
  29 tentacles
  4 withered plants (Zot:5)
316 creatures vanquished.

Grand Total: 8292 creatures vanquished

Notes
Turn   | Place    | Note
-------+----------+-------------------------------------------
     0 | D:1      | 3rdEnemy the Minotaur Fighter began the quest for the Orb.
     0 | D:1      | Reached XP level 1. HP: 19/19 MP: 0/0
   230 | D:1      | Reached XP level 2. HP: 27/27 MP: 1/1
   367 | D:1      | Reached skill level 1 in Dodging
   762 | D:2      | Reached XP level 3. HP: 32/33 MP: 2/2
   816 | D:2      | HP: 1/33 [worm (8)]
  1228 | D:2      | Reached XP level 4. HP: 28/40 MP: 3/3
  1979 | D:3      | Found a burning altar of Makhleb.
  2119 | D:3      | Reached XP level 5. HP: 42/47 MP: 4/4
  2457 | D:4      | Noticed an ogre
  2464 | D:4      | Killed an ogre
  2616 | D:4      | Reached XP level 6. HP: 44/55 MP: 5/5
  2993 | D:4      | Found a staircase to the Ecumenical Temple.
  3169 | Temple   | Entered the Ecumenical Temple
  3276 | D:4      | Noticed Duvessa
  3276 | D:4      | Noticed Dowan
  3298 | D:4      | Killed Duvessa
  3298 | D:4      | Reached skill level 5 in Fighting
  3298 | D:4      | Reached skill level 5 in Armour
  3298 | D:4      | Reached skill level 5 in Shields
  3303 | D:4      | Killed Dowan
  3379 | D:4      | Reached XP level 7. HP: 21/61 MP: 6/6
  3380 | D:4      | Found an ancient bone altar of Kikubaaqudgha.
  3428 | D:5      | Entered Level 5 of the Dungeon
  3428 | D:5      | Found the +7 captain's cutlass {speed, disarm}
  3599 | D:5      | Reached skill level 1 in Short Blades
  3608 | D:5      | Found a blossoming altar of Fedhas.
  3936 | D:5      | Reached skill level 5 in Axes
  4293 | D:6      | Found a glowing golden altar of the Shining One.
  4300 | D:6      | Became a worshipper of the Shining One
  4406 | D:6      | Found a runed door.
  4791 | D:6      | Found a sparkling altar of Nemelex Xobeh.
  4858 | D:6      | Reached XP level 8. HP: 70/70 MP: 7/7
  4952 | D:6      | Noticed Crazy Yiuf
  4956 | D:6      | Killed Crazy Yiuf
  5166 | D:7      | Reached skill level 5 in Dodging
  5168 | D:7      | Reached skill level 5 in Short Blades
  5224 | D:7      | Got a transparent scythe
  5233 | D:7      | Identified the +11 scythe of Triumph {slice, Fragile +Blink
                  | rF+ MR+} (You found it on level 7 of the Dungeon)
  5247 | D:7      | Noticed Joseph
  5259 | D:7      | Killed Joseph
  5259 | D:7      | Reached XP level 9. HP: 70/79 MP: 8/8
  5261 | D:7      | Reached * piety under the Shining One
  5956 | D:8      | Found Wonlis's Weapon Boutique.
  5959 | D:8      | Found a white marble altar of Elyvilon.
  6225 | D:8      | Found an opulent altar of Gozag.
  6350 | D:8      | Gained mutation: Your system is resistant to poisons.
                  | (rPois) [potion of mutation]
  6350 | D:8      | Gained mutation: You are agile. (Dex +2) [potion of
                  | mutation]
  6350 | D:8      | Gained mutation: Your mind is acute. (Int +2) [potion of
                  | mutation]
  6350 | D:8      | Gained mutation: Your muscles are strong. (Str +2) [potion
                  | of mutation]
  6505 | D:8      | Noticed Prince Ribbit
  6528 | D:8      | Killed Prince Ribbit
  6571 | D:9      | Noticed Harold
  6581 | D:9      | Killed Harold
  6581 | D:9      | Reached XP level 10. HP: 90/90 MP: 9/9
  6594 | D:9      | Reached ** piety under the Shining One
  6714 | D:9      | Noticed Grum
  6731 | D:9      | Killed Grum
  6778 | D:9      | Found a glowing golden altar of the Shining One.
  6778 | D:9      | Found an iron altar of Okawaru.
  6787 | D:9      | Found a faded altar of an unknown god.
  6791 | D:9      | Found a radiant altar of Vehumet.
  6792 | D:9      | Found a faded altar of an unknown god.
  6836 | D:9      | Found a staircase to the Orcish Mines.
  6928 | D:9      | Reached *** piety under the Shining One
  6932 | D:9      | Reached skill level 10 in Short Blades
  7129 | D:9      | Found a staircase to the Lair.
  7185 | D:9      | Found a sacrificial altar of Ru.
  7231 | D:9      | Noticed Psyche
  7326 | D:9      | Killed Psyche
  7351 | D:9      | Found a deep blue altar of Sif Muna.
  7545 | D:10     | Entered Level 10 of the Dungeon
  7563 | D:10     | Found a portal to a secret trove of treasure.
  7574 | D:10     | Reached XP level 11. HP: 97/99 MP: 10/10
  7689 | D:10     | Found a shimmering altar of Xom.
  7736 | D:10     | Reached skill level 1 in Invocations
  8329 | D:11     | Noticed Fannar
  8329 | D:11     | Noticed a cyan ugly thing
  8339 | D:11     | Killed a cyan ugly thing
  8339 | D:11     | Reached skill level 10 in Fighting
  8339 | D:11     | Reached skill level 10 in Armour
  8373 | D:11     | Killed Fannar
  8389 | D:11     | Reached **** piety under the Shining One
  8493 | D:11     | Noticed a sixfirhy
  8717 | D:11     | Noticed Erolcha
  8743 | D:11     | Killed Erolcha
  9041 | D:11     | Noticed a six-headed hydra
  9050 | D:11     | Killed a six-headed hydra
  9054 | D:11     | Got an uncursed transparent quarterstaff {crush}
  9060 | D:11     | Identified the +1 quarterstaff of Ydoix {crush, *Drain
                  | +Blink MR++ Stlth+} (You found it on level 11 of the
                  | Dungeon)
  9279 | D:11     | Noticed a death yak
  9279 | D:11     | Noticed a death yak
  9280 | D:11     | Noticed a death yak
  9280 | D:11     | Noticed a death yak
  9309 | D:11     | Killed a death yak
  9309 | D:11     | Reached XP level 12. HP: 68/108 MP: 12/14
  9318 | D:11     | Killed a death yak
  9323 | D:11     | Killed a death yak
  9331 | D:11     | Killed a death yak
  9344 | D:11     | Reached ***** piety under the Shining One
  9345 | D:11     | Noticed a death yak
  9373 | D:11     | Killed a death yak
  9617 | D:11     | Noticed a death yak
  9618 | D:11     | Noticed a death yak
  9618 | D:11     | Noticed a death yak
  9704 | D:11     | Killed a death yak
  9709 | D:11     | Killed a death yak
  9717 | D:11     | Killed a death yak
  9717 | D:11     | Reached skill level 5 in Invocations
  9726 | D:11     | Reached skill level 10 in Dodging
 10159 | Lair:1   | Entered Level 1 of the Lair of Beasts
 10159 | Lair:1   | Noticed a six-headed hydra
 10239 | D:9      | Killed a six-headed hydra
 10442 | Lair:1   | Reached XP level 13. HP: 113/117 MP: 16/16
 11324 | Lair:2   | Found a staircase to the Shoals.
 12087 | Lair:3   | Found a runed door.
 13600 | Lair:3   | Noticed an entropy weaver
 13613 | Lair:3   | Killed an entropy weaver
 13686 | Lair:3   | Reached XP level 14. HP: 127/127 MP: 18/18
 13692 | Lair:3   | Noticed an entropy weaver
 13715 | Lair:3   | Killed an entropy weaver
 13995 | Lair:3   | Identified the Grimoire of the Poisonous Blaze
 13998 | Lair:3   | Got a pitted platinum amulet
 14001 | Lair:3   | Got a jacinth-encrusted leather armour
 14006 | Lair:3   | Identified the amulet of Puqyram {+Rage rC+ Dex+2 Slay+2}
                  | (You found it on level 3 of the Lair of Beasts)
 14021 | Lair:3   | Identified the +2 leather armour of Farish {Str+4 Dex+2}
                  | (You found it on level 3 of the Lair of Beasts)
 14146 | Lair:4   | Noticed Nergalle
 14348 | Lair:4   | Found a staircase to the Snake Pit.
 14365 | Lair:4   | Killed Nergalle
 15666 | Lair:6   | Entered Level 6 of the Lair of Beasts
 15715 | Lair:6   | Noticed Sonja
 15911 | Lair:6   | Killed Sonja
 15924 | Lair:6   | Reached skill level 10 in Shields
 16035 | Lair:6   | Reached ****** piety under the Shining One
 16612 | Lair:6   | Identified the Papyrus of Dislocated Enhancements
 16618 | Lair:6   | Got a shimmering great sword
 16630 | Lair:6   | Identified the +9 great sword of Glory {slice, rC+} (You
                  | found it on level 6 of the Lair of Beasts)
 16831 | Lair:6   | Reached XP level 15. HP: 130/138 MP: 21/21
 16842 | Lair:6   | Noticed Kirke
 16873 | Lair:6   | Killed Kirke
 16984 | Lair:6   | Found a viscous altar of Jiyva.
 16984 | Lair:6   | Found a staircase to the Slime Pits.
 17461 | Orc:1    | Entered Level 1 of the Orcish Mines
 17615 | Orc:1    | Found a roughly hewn altar of Beogh.
 17743 | Orc:1    | Found a dark tunnel.
 17754 | Volcano  | Entered a volcano
 17783 | Volcano  | Reached skill level 10 in Invocations
 17927 | Volcano  | Found a radiant altar of Vehumet.
 18614 | Orc:2    | Entered Level 2 of the Orcish Mines
 18744 | Orc:2    | Found a staircase to the Elven Halls.
 18755 | Orc:2    | Noticed Nessos
 19052 | Orc:2    | Killed Nessos
 19454 | Orc:2    | Found Utanlacom's Jewellery Shoppe.
 19479 | Orc:2    | Paralysed by an orc sorcerer for 2 turns
 19623 | Orc:2    | Found Luzogodi's Assorted Antiques.
 19629 | Orc:2    | Reached skill level 15 in Armour
 19655 | Orc:2    | Found Fuyradwoe's Distillery.
 19663 | Orc:2    | Found Odoinonk's Antique Armour Shoppe.
 19669 | Orc:2    | Bought a jewelled hand crossbow for 272 gold pieces
 19671 | Orc:2    | Bought a translucent scale mail for 297 gold pieces
 19671 | Orc:2    | Bought a polished chain mail for 313 gold pieces
 19700 | Orc:2    | Identified the +2 scale mail of the Undertaker {rN+} (You
                  | bought it in a shop on level 2 of the Orcish Mines)
 19710 | Orc:2    | Identified the +7 chain mail of Foolhardiness {rElec rF+
                  | rN+ MR-} (You bought it in a shop on level 2 of the Orcish
                  | Mines)
 19788 | Orc:2    | Identified the +3 hand crossbow "Killer Bee's Death" {elec,
                  | rC+ MR- Int+3 Dex+3} (You bought it in a shop on level 2 of
                  | the Orcish Mines)
 20058 | D:12     | Reached skill level 15 in Fighting
 20070 | D:12     | Noticed a tengu reaver
 20337 | D:11     | Killed a tengu reaver
 20807 | D:12     | Found Ynerch's Jewellery Emporium.
 20824 | D:12     | Bought the ring "Vien" {rC+ MR+} for 488 gold pieces
 21031 | D:12     | Got a translucent lapis lazuli ring
 21033 | D:12     | Got a warped pewter ring
 21048 | D:12     | Identified the ring "Piomnine" {rPois Dex+4} (You found it
                  | on level 12 of the Dungeon)
 21050 | D:12     | Identified the ring "Bonivoy" {Fire Dex+6} (You found it on
                  | level 12 of the Dungeon)
 21083 | D:13     | Noticed Urug
 21433 | D:13     | Killed Urug
 21590 | D:13     | Reached XP level 16. HP: 140/149 MP: 23/23
 21650 | D:13     | Found a gate to the Vaults.
 21678 | D:13     | Noticed Theblade12's ghost (journeyman HOWn)
 21842 | D:13     | Found a runed gate.
 21842 | D:13     | Found a runed gate.
 21842 | D:13     | Found a runed gate.
 22072 | D:13     | Killed Theblade12's ghost
 22512 | D:14     | Found a frozen archway.
 22523 | IceCv    | Entered an ice cave
 23544 | D:15     | Entered Level 15 of the Dungeon
 23726 | D:15     | Noticed Roxanne
 23876 | D:15     | Found a staircase to the Depths.
 24306 | D:15     | Killed Roxanne
 24307 | D:15     | Identified Roxanne's Tome of Precision Catastrophes (You
                  | took it off Roxanne on level 15 of the Dungeon)
 24572 | Shoals:1 | Entered Level 1 of the Shoals
 25572 | Shoals:1 | Got a steaming longbow
 25578 | Shoals:1 | Identified the +11 longbow "Jyng" {flame, Dex+2} (You found
                  | it on level 1 of the Shoals)
 25631 | Shoals:2 | Noticed Ilsuiw
 25636 | Shoals:1 | Identified a scroll of acquirement
 25637 | Shoals:1 | Got a pair of ichor-stained gloves
 25648 | Shoals:1 | Identified the +1 pair of gloves "Defirusk" {rPois SInv}
                  | (You acquired it on level 1 of the Shoals)
 25738 | Shoals:2 | Killed Ilsuiw
 25738 | Shoals:2 | Reached XP level 17. HP: 106/158 MP: 24/24
 25746 | Shoals:2 | Reached skill level 1 in Bows
 25831 | Shoals:2 | Found Esomom's General Store.
 25900 | Shoals:2 | Found Vaotaici's Armour Shop.
 25924 | Shoals:2 | Bought a +4 plate armour of magic resistance for 950 gold
                  | pieces
 25942 | Shoals:2 | Found Mifuas's General Store.
 26031 | Shoals:2 | Found Vaodoqit's Antique Armour Shop.
 26048 | Shoals:2 | Bought a jewelled chain mail for 228 gold pieces
 26048 | Shoals:2 | Bought a steaming scale mail for 216 gold pieces
 26058 | Shoals:2 | Identified the +7 chain mail "Ocajeduny" {+Blink rElec
                  | rPois Str+5} (You bought it in a shop on level 2 of the
                  | Shoals)
 26068 | Shoals:2 | Identified the +3 scale mail of Shadows and Fog {rElec rN+}
                  | (You bought it in a shop on level 2 of the Shoals)
 27221 | Shoals:3 | Noticed a kraken
 27265 | Shoals:3 | Killed a kraken
 27646 | Shoals:4 | Entered Level 4 of the Shoals
 28009 | Shoals:4 | Found Dackuwn's Desiderata Depot.
 28082 | Shoals:4 | Got a smoking cloak
 28100 | Shoals:4 | Identified the +4 cloak of the Ward {rC- Regen+ SInv} (You
                  | found it on level 4 of the Shoals)
 28855 | Shoals:4 | Got a barnacled rune of Zot
 29143 | Elf:1    | Entered Level 1 of the Elven Halls
 29234 | Elf:1    | Got a scorched chain mail
 29342 | Elf:1    | Identified the Collected Works on Illusion
 29430 | Elf:1    | Noticed Donald
 29445 | Elf:1    | Killed Donald
 29445 | Elf:1    | Reached XP level 18. HP: 145/168 MP: 26/26
 29458 | Elf:1    | Identified the +9 chain mail of Dramatic Exits {rC++} (You
                  | found it on level 1 of the Elven Halls)
 29571 | Elf:1    | Found Saicsix's Gadget Emporium.
 29571 | Elf:1    | Found Caontuv's Jewellery Boutique.
 29581 | Elf:1    | Reached skill level 10 in Axes
 29594 | Elf:1    | Found Aceczoto's Gadget Emporium.
 29638 | Elf:1    | Reached skill level 5 in Bows
 29972 | Elf:1    | Got a translucent bone amulet
 29973 | Elf:1    | Identified the amulet "Isisabre" {Reflect MR+ Str+4 Dex-5
                  | SH+3} (You acquired it on level 1 of the Elven Halls)
 30249 | Elf:2    | Found Baufer's Jewellery Shoppe.
 30332 | Elf:2    | Found Buos's Weapon Emporium.
 30654 | Elf:2    | Found Yreh's Armour Shop.
 30935 | Elf:2    | Found a huge runed gate.
 30935 | Elf:2    | Found a huge runed gate.
 30936 | Elf:2    | Found a huge runed gate.
 30944 | Elf:2    | Found a huge runed gate.
 30947 | Elf:2    | Found a huge runed gate.
 31174 | Elf:2    | Noticed Agnes
 31181 | Elf:2    | Killed Agnes
 31637 | Elf:2    | Reached skill level 15 in Shields
 31842 | Elf:3    | Entered Level 3 of the Elven Halls
 32365 | Elf:3    | Reached XP level 19. HP: 177/177 MP: 27/27
 33522 | Elf:3    | Got an uncursed jewelled broad axe {elec}
 33530 | Elf:3    | Identified the +7 broad axe "Lifebane" {elec, *Rage +Rage
                  | MR+ SInv} (You found it on level 3 of the Elven Halls)
 33805 | Elf:3    | Noticed a Tzitzimitl
 33966 | Elf:3    | Got a shimmering marble ring
 34030 | Elf:3    | Identified Wuzxoz's Compendium of Flames
 34051 | Elf:3    | Identified Yrient's Guide on Execration
 34054 | Elf:3    | Got a shimmering spear
 34055 | Elf:3    | Identified the +4 spear of Peetirye {freeze, Dex+2} (You
                  | found it on level 3 of the Elven Halls)
 34179 | Elf:3    | Got an uncursed iridescent dire flail {freeze}
 34185 | Elf:3    | Identified the +8 dire flail "Awymafiv" {freeze, rC+ MP+9
                  | SInv Stlth+} (You took it off a deep elf archer on level 3
                  | of the Elven Halls)
 34197 | Elf:3    | Got an uncursed shimmering scythe {pain}
 34202 | Elf:3    | Got a polished short sword {pierce}
 34203 | Elf:3    | Identified the +7 short sword "Faeh" {pierce, *Noise +Blink
                  | Dex-3 SInv} (You took it off a deep elf high priest on
                  | level 3 of the Elven Halls)
 34207 | Elf:3    | Got an ancient quick blade {elec}
 34208 | Elf:3    | Identified the cursed +2 quick blade "Lifebane" {elec,
                  | *Rage *Drain rElec MR++ Str+3} (You took it off a deep elf
                  | demonologist on level 3 of the Elven Halls)
 34369 | Elf:2    | Identified the ring "Jocewock" {rF+ rN+ AC+5} (You took it
                  | off a deep elf archer on level 3 of the Elven Halls)
 34845 | Snake:1  | Entered Level 1 of the Snake Pit
 35461 | Snake:1  | Found Tifupsoi's Jewellery Shop.
 36270 | Elf:1    | Bought the amulet of Baclosas {Spirit rElec MR+ Dex+4
                  | Slay+2} for 796 gold pieces
 36565 | Snake:2  | Found Kutriur's Armour Emporium.
 36565 | Snake:2  | Noticed Nikola
 36584 | Snake:2  | Killed Nikola
 36586 | Snake:2  | Found Wicsylli's Assorted Antiques.
 36586 | Snake:2  | Found Imiaf's General Store.
 36604 | Snake:2  | Found Doushrir's Assorted Antiques.
 36735 | Snake:2  | Noticed Frances
 36749 | Snake:2  | Killed Frances
 36915 | Snake:2  | Reached skill level 15 in Dodging
 37101 | Snake:3  | Found Ohaaguadgh's Jewellery Emporium.
 37199 | Snake:3  | Noticed Asterion
 37224 | Snake:3  | Killed Asterion
 37375 | Snake:3  | Reached XP level 20. HP: 144/188 MP: 27/29
 37877 | Snake:4  | Entered Level 4 of the Snake Pit
 39191 | Snake:4  | Reached skill level 10 in Bows
 39609 | Snake:4  | Got a serpentine rune of Zot
 40030 | Depths:1 | Entered Level 1 of the Depths
 40178 | Depths:1 | Found Emelagoi's Armour Boutique.
 40306 | Depths:1 | Found Helivuso's Gadget Emporium.
 40842 | Depths:1 | Found a gateway to Hell.
 40918 | Depths:1 | Found Xafuann's Distillery.
 41647 | Depths:2 | Found a one-way gate leading to the halls of Pandemonium.
 41680 | Depths:2 | Reached XP level 21. HP: 198/198 MP: 31/31
 41871 | Depths:2 | Found Miuppoyc's Slaves and Accessories.
 41938 | Depths:2 | Reached skill level 15 in Invocations
 42077 | Depths:2 | Noticed an ancient lich
 42097 | Depths:2 | Killed an ancient lich
 42106 | Depths:2 | Found an ancient bone altar of Kikubaaqudgha.
 42457 | Depths:2 | Found The Legendary Cyvall's Legendary Smithy.
 42539 | Depths:2 | Found Jack's Jerk-a-riffic Jerky.
 42608 | Depths:2 | Found Wisoer's Miraculous Elixirs.
 42821 | Depths:2 | Found Midghes's Gadget Boutique.
 42879 | Depths:2 | Paralysed by a floating eye for 2 turns
 43724 | Depths:3 | Noticed a juggernaut
 43749 | Depths:3 | Killed a juggernaut
 43784 | Depths:3 | Noticed a golden dragon
 43799 | Depths:3 | Killed a golden dragon
 44116 | Depths:3 | Reached skill level 15 in Axes
 44126 | Depths:3 | Reached XP level 22. HP: 205/209 MP: 32/32
 44521 | Depths:3 | Got a crystal quarterstaff
 44527 | Depths:3 | Identified the +9 quarterstaff of Ytaigerghe {freeze, rF++
                  | Int+7} (You found it on level 3 of the Depths)
 44566 | Depths:4 | Found a one-way gate to the infinite horrors of the Abyss.
 44995 | Depths:4 | Found a flickering gateway to a bazaar.
 45006 | Bazaar   | Entered a bazaar
 45041 | Bazaar   | Found Wuing's Gadget Shoppe.
 45071 | Bazaar   | Found Doagomp's Gadget Shoppe.
 45111 | Bazaar   | Found Haov Umm's Jewellery Boutique.
 45139 | Bazaar   | Found Nofoul's Gadget Shoppe.
 45444 | Depths:4 | Identified the +0 plate armour of Objectivity {-Tele rElec
                  | MR+ Dex+4} (You found it on level 4 of the Depths)
 46265 | Depths:5 | Entered Level 5 of the Depths
 46613 | Depths:5 | Found a gate to the Realm of Zot.
 46744 | Depths:5 | Found Ybiann's Armour Shoppe.
 46750 | Depths:5 | Noticed a golden dragon
 46775 | Depths:5 | Killed a golden dragon
 46941 | Depths:5 | Found Buesk's Gadget Boutique.
 46987 | Depths:5 | Found a gateway to a ziggurat.
 47072 | Depths:5 | Noticed a juggernaut
 47557 | Depths:5 | Killed a juggernaut
 47557 | Depths:5 | Reached XP level 23. HP: 110/217 MP: 15/34
 47864 | D:8      | Bought 15 bolts for 30 gold pieces
 47995 | Vaults:1 | Entered Level 1 of the Vaults
 48702 | Vaults:1 | Found a runed gate.
 48702 | Vaults:1 | Found a runed gate.
 48702 | Vaults:1 | Found a runed gate.
 48707 | Vaults:1 | Noticed Cumedugu's ghost (adept DDFi)
 48767 | Vaults:1 | Killed Cumedugu's ghost
 48828 | Vaults:1 | Got a scintillating turquoise ring
 49581 | Vaults:1 | Identified the ring of Zuseheyty {rPois rC+} (You found it
                  | on level 1 of the Vaults)
 51266 | Vaults:3 | Reached skill level 15 in Bows
 51290 | Vaults:3 | Reached XP level 24. HP: 223/228 MP: 33/34
 51443 | Vaults:3 | Found Itoxax's Jewellery Boutique.
 51626 | Vaults:3 | Found a staircase to the Crypt.
 51626 | Vaults:3 | Found a basalt altar of Yredelemnul.
 51627 | Vaults:3 | Found an ancient bone altar of Kikubaaqudgha.
 52903 | Vaults:4 | Found Unues's Weapon Emporium.
 53437 | Vaults:5 | Entered Level 5 of the Vaults
 53553 | Vaults:4 | Got a steaming cloak
 53564 | Vaults:4 | Identified the +1 cloak of Ikhen {rN+ Int+4} (You acquired
                  | it on level 4 of the Vaults)
 54137 | Vaults:5 | Noticed Margery
 54167 | Vaults:5 | Killed Margery
 54271 | Vaults:5 | Reached XP level 25. HP: 45/240 MP: 8/34
 54303 | Vaults:5 | Noticed Jory
 54328 | Vaults:5 | Killed Jory
 54401 | Vaults:5 | Noticed Saint Roka
 54729 | Vaults:5 | Killed Saint Roka
 55260 | Vaults:5 | Identified the Guide on Conjuration and the Rocks
 55427 | Vaults:5 | Got a faintly glowing war axe
 55428 | Vaults:5 | Identified the +7 war axe "Rosch" {chop, MR++} (You found
                  | it on level 5 of the Vaults)
 55518 | Vaults:5 | Got a silver rune of Zot
 56210 | Vaults:5 | Got a spiked plate armour
 56221 | Vaults:5 | Identified the +5 plate armour of the Valley of Death {+Inv
                  | rF+ Str+3 Dex-3 Stlth+} (You took it off a deep elf high
                  | priest on level 5 of the Vaults)
 56414 | Crypt:1  | Entered Level 1 of the Crypt
 56713 | Crypt:1  | Noticed Aizul
 56728 | Crypt:1  | Killed Aizul
 56795 | Crypt:1  | Found a magical portal.
 56870 | WizLab   | Entered Iskenderun's Mystic Tower
 57360 | WizLab   | Identified Iskenderun's Grimoire of Arcane Weapons
 57360 | WizLab   | Identified Iskenderun's Disquisition on Battle Magic
 57373 | WizLab   | Identified The Second Course in Thaumaturgy
 57373 | WizLab   | Identified the Handbook of Scorching Glamour
 57853 | Crypt:1  | Noticed Mara
 57861 | Crypt:1  | Killed Mara
 58255 | Crypt:2  | Reached XP level 26. HP: 251/251 MP: 34/34
 58384 | Crypt:2  | Noticed Bai Suzhen
 58425 | Crypt:2  | Killed Bai Suzhen
 58843 | Crypt:2  | Identified the +0 ring mail of Feasting {rElec rPois Int-4
                  | SInv} (You found it on level 2 of the Crypt)
 59138 | Crypt:3  | Entered Level 3 of the Crypt
 59525 | Crypt:3  | Noticed an ancient lich
 59526 | Crypt:3  | Found an ancient bone altar of Kikubaaqudgha.
 59540 | Crypt:3  | Killed an ancient lich
 59579 | Crypt:3  | Found the +6 Majin-Bo {vamp, Archmagi MP+6 Int+6}
 59867 | Crypt:3  | Got a bound jade ring
 59867 | Crypt:3  | Got a sparkling pewter ring
 59914 | Crypt:3  | Noticed Boris
 59931 | Crypt:3  | Killed Boris
 59947 | Crypt:3  | Identified the ring "Ubujiza" {rElec rN+ Stlth+} (You found
                  | it on level 3 of the Crypt)
 59948 | Crypt:3  | Identified the ring of Ceinap {+Blink rN+} (You found it on
                  | level 3 of the Crypt)
 60169 | Crypt:3  | Found a staircase to the Tomb.
 60410 | Tomb:1   | Entered Level 1 of the Tomb of the Ancients
 60606 | Tomb:1   | Noticed a greater mummy
 60660 | Tomb:1   | Killed a greater mummy
 61171 | Tomb:1   | Noticed a greater mummy
 61185 | Tomb:1   | Killed a greater mummy
 62048 | Hell     | Entered the Vestibule of Hell
 62048 | Hell     | Noticed Geryon
 62072 | Hell     | Killed Geryon
 62826 | Hell     | Noticed Murray
 62853 | Hell     | Killed Murray
 62853 | Hell     | Lost mutation: Your mind is acute. (Int +2) [a cacodemon]
 62940 | Hell     | Reached XP level 27. HP: 259/259 MP: 34/34
 63010 | Hell     | Found a gateway to the ashen valley of Gehenna.
 63073 | Hell     | Found a gateway to the decaying netherworld of Tartarus.
 63186 | Hell     | Found a gateway to the freezing wastes of Cocytus.
 63242 | Hell     | Found a gateway to the Iron City of Dis.
 63584 | Zot:1    | Entered Level 1 of the Realm of Zot
 63946 | Zot:1    | Noticed an orb of fire
 63947 | Zot:1    | Gained mutation: Your spells are a little easier to cast,
                  | but a little less powerful. [an orb of fire]
 64057 | Zot:1    | Gained mutation: You occasionally shout uncontrollably at
                  | your foes. [an orb of fire]
 64065 | Zot:1    | Gained mutation: Armour fits poorly on your strangely
                  | shaped body. [an orb of fire]
 64067 | Zot:1    | Killed an orb of fire
 64068 | Zot:1    | Lost mutation: Your muscles are strong. (Str +2) [potion of
                  | mutation]
 64068 | Zot:1    | Gained mutation: You are partially covered in rugged brown
                  | scales. (AC +1, +3% HP) [potion of mutation]
 64068 | Zot:1    | Gained mutation: You have large cloven feet. [potion of
                  | mutation]
 64191 | Depths:5 | Lost mutation: Armour fits poorly on your strangely shaped
                  | body. [potion of mutation]
 64191 | Depths:5 | Lost mutation: You are partially covered in rugged brown
                  | scales. (AC +1, +3% HP) [potion of mutation]
 64191 | Depths:5 | Lost mutation: You are agile. (Dex +2) [potion of mutation]
 64191 | Depths:5 | Gained mutation: You are partially covered in thin metallic
                  | scales. (AC +2) [potion of mutation]
 64191 | Depths:5 | Gained mutation: You are covered in fur. (AC +1) [potion of
                  | mutation]
 64192 | Depths:5 | Lost mutation: You are covered in fur. (AC +1) [potion of
                  | mutation]
 64192 | Depths:5 | Lost mutation: You occasionally shout uncontrollably at
                  | your foes. [potion of mutation]
 64192 | Depths:5 | Gained mutation: You are frail. (-10% HP) [potion of
                  | mutation]
 64192 | Depths:5 | Gained mutation: You are partially covered in yellow
                  | scales. (AC +2) [potion of mutation]
 64193 | Depths:5 | Lost mutation: Your system is resistant to poisons. (rPois)
                  | [potion of mutation]
 64193 | Depths:5 | Lost mutation: You have large cloven feet. [potion of
                  | mutation]
 64193 | Depths:5 | Gained mutation: You are mostly covered in yellow scales.
                  | (AC +3) [potion of mutation]
 64193 | Depths:5 | Lost mutation: You are frail. (-10% HP) [potion of
                  | mutation]
 64193 | Depths:5 | Gained mutation: You evolve. [potion of mutation]
 64193 | Depths:5 | Gained mutation: Your natural rate of healing is unusually
                  | fast. [potion of mutation]
 64303 | Geh:1    | Entered Level 1 of Gehenna
 65318 | Geh:7    | Entered Level 7 of Gehenna
 66292 | Geh:7    | Noticed Asmodeus
 66318 | Geh:7    | HP: 12/269 [hellion/damnation[Asmodeus] (31)]
 66576 | Geh:7    | Killed Asmodeus
 66582 | Geh:7    | Got an obsidian rune of Zot
 66841 | Depths:4 | Got a brightly glowing scale mail
 66842 | Depths:4 | Identified the +2 scale mail of Ennui {+Fly rN++} (You
                  | found it on level 4 of the Depths)
 66874 | Depths:4 | Voluntarily entered the Abyss.
 67239 | Abyss:1  | Lost mutation: Your natural rate of healing is unusually
                  | fast. [a neqoxec]
 67249 | Abyss:1  | Lost mutation: Your spells are a little easier to cast, but
                  | a little less powerful. [a neqoxec]
 67360 | Abyss:1  | Gained mutation: You expend magic power (3 MP) to
                  | strengthen your wands. [a neqoxec]
 67425 | Abyss:1  | Found a corrupted altar of Lugonu.
 67445 | Abyss:1  | Found a corrupted altar of Lugonu.
 67452 | Abyss:1  | Found a corrupted altar of Lugonu.
 67643 | Abyss:1  | Gained mutation: Your spells are a little easier to cast,
                  | but a little less powerful. [a neqoxec]
 67663 | Abyss:1  | Gained mutation: You have large cloven feet. [a neqoxec]
 68019 | Abyss:3  | Paralysed by accursed screaming for 1 turns
 68023 | Abyss:3  | Paralysed by accursed screaming for 2 turns
 68067 | Abyss:3  | Got a transparent hunting sling
 68300 | Abyss:3  | Paralysed by you for 7 turns
 68355 | Abyss:3  | Found a shattered altar of Ashenzari.
 68409 | Abyss:3  | Identified the +6 hunting sling "Wunlul" {flame, rF+} (You
                  | found it on level 3 of the Abyss)
 68530 | Abyss:3  | Found a corrupted altar of Lugonu.
 68561 | Abyss:3  | Got a bloodstained scale mail
 68770 | Abyss:3  | Reached skill level 27 in Fighting
 68770 | Abyss:3  | Reached skill level 27 in Armour
 69188 | Abyss:3  | Gained mutation: Scrolls take you a little longer to read.
                  | [a neqoxec]
 69464 | Abyss:3  | Gained mutation: You occasionally shout uncontrollably at
                  | your foes. [a neqoxec]
 69556 | Abyss:3  | Lost intelligence.
 69598 | Abyss:3  | Got an abyssal rune of Zot
 69778 | Abyss:3  | Paralysed by accursed screaming for 1 turns
 69839 | Abyss:4  | Lost mutation: Your spells are a little easier to cast, but
                  | a little less powerful. [a neqoxec]
 70312 | Abyss:4  | Identified the +5 scale mail of Relativism {rC- rCorr Int+3
                  | Stlth+} (You found it on level 3 of the Abyss)
 70413 | Abyss:4  | Gained mutation: You are clumsy. (Dex -2) [a neqoxec]
 70660 | Abyss:5  | Entered Level 5 of the Abyss
 70727 | Abyss:5  | Paralysed by you for 2 turns
 70753 | Abyss:5  | Found a corrupted altar of Lugonu.
 70774 | Abyss:5  | Found an ornate altar of the Wu Jian Council.
 70969 | Abyss:5  | Gained mutation: You are frail. (-10% HP) [a shining eye]
 70992 | Depths:4 | Escaped the Abyss
 71326 | Depths:4 | Voluntarily entered the Abyss.
 71532 | Abyss:1  | Noticed an ancient lich
 71543 | Abyss:1  | Killed an ancient lich
 71596 | Abyss:2  | Found a radiant altar of Vehumet.
 72108 | Abyss:3  | Found a corrupted altar of Lugonu.
 72117 | Abyss:3  | Gained mutation: Your body sometimes deteriorates upon
                  | taking damage. [a neqoxec]
 72119 | Abyss:3  | Gained mutation: You are weak. (Str -2) [a neqoxec]
 72120 | Abyss:3  | Gained mutation: You are very frail. (-20% HP) [a neqoxec]
 72407 | Abyss:3  | Noticed an ancient lich
 72422 | Abyss:3  | Killed an ancient lich
 73341 | Abyss:3  | Paralysed by accursed screaming for 1 turns
 73513 | Abyss:3  | Gained mutation: Your body often deteriorates upon taking
                  | damage. [a neqoxec]
 73515 | Abyss:3  | Gained mutation: You are extremely frail. (-30% HP) [a
                  | neqoxec]
 74090 | Abyss:3  | Paralysed by accursed screaming for 1 turns
 74111 | Abyss:3  | Paralysed by accursed screaming for 1 turns
 74456 | Abyss:3  | Gained mutation: You are dopey. (Int -2) [a neqoxec]
 74703 | Abyss:3  | Gained mutation: You are very weak. (Str -4) [a neqoxec]
 74936 | Abyss:3  | Paralysed by you for 4 turns
 75304 | Abyss:3  | Paralysed by accursed screaming for 1 turns
 75387 | Abyss:3  | Gained mutation: Your magical capacity is low. (-10% MP) [a
                  | neqoxec]
 75395 | Abyss:3  | Gained mutation: You are very dopey. (Int -4) [a neqoxec]
 75418 | Depths:4 | Escaped the Abyss
 75730 | Temple   | Fell from the grace of the Shining One
 75730 | Temple   | Became a worshipper of Zin the Law-Giver
 75730 | Temple   | Reached * piety under Zin
 75730 | Temple   | Reached ** piety under Zin
 75730 | Temple   | Reached *** piety under Zin
 75730 | Temple   | Reached **** piety under Zin
 75730 | Temple   | Reached ***** piety under Zin
 76075 | Depths:4 | Voluntarily entered the Abyss.
 76085 | Abyss:1  | Paralysed by accursed screaming for 2 turns
 76095 | Abyss:1  | Paralysed by accursed screaming for 2 turns
 76101 | Abyss:1  | Paralysed by accursed screaming for 2 turns
 76123 | Abyss:1  | Paralysed by accursed screaming for 2 turns
 76126 | Depths:4 | Escaped the Abyss
 76249 | Depths:1 | Bought a potion of mutation for 176 gold pieces
 76330 | Depths:2 | Bought 2 potions of mutation for 800 gold pieces
 76330 | Depths:2 | Bought a potion of mutation for 400 gold pieces
 76330 | Depths:2 | Bought a potion of mutation for 400 gold pieces
 76330 | Depths:2 | Bought a potion of mutation for 400 gold pieces
 76330 | Depths:2 | Bought a potion of mutation for 400 gold pieces
 76330 | Depths:2 | Bought a potion of mutation for 400 gold pieces
 76330 | Depths:2 | Bought a potion of mutation for 400 gold pieces
 76330 | Depths:2 | Bought a potion of mutation for 400 gold pieces
 76330 | Depths:2 | Bought a potion of mutation for 400 gold pieces
 76330 | Depths:2 | Bought a potion of mutation for 400 gold pieces
 76330 | Depths:2 | Donated 1549 gold pieces to Zin
 76582 | D:9      | Reached ****** piety under Zin
 76776 | Slime:1  | Entered Level 1 of the Pits of Slime
 76996 | Slime:2  | Reached skill level 27 in Dodging
 77377 | Slime:3  | Reached skill level 27 in Axes
 77501 | Slime:4  | Found a viscous altar of Jiyva.
 77569 | Slime:4  | Lost mutation: Scrolls take you a little longer to read.
                  | [potion of mutation]
 77569 | Slime:4  | Lost mutation: You expend magic power (3 MP) to strengthen
                  | your wands. [potion of mutation]
 77570 | Slime:4  | Lost mutation: You are clumsy. (Dex -2) [potion of
                  | mutation]
 77570 | Slime:4  | Lost mutation: Your magical capacity is low. (-10% MP)
                  | [potion of mutation]
 77570 | Slime:4  | Lost mutation: You are very weak. (Str -4) [potion of
                  | mutation]
 77571 | Slime:4  | Lost mutation: You are partially covered in thin metallic
                  | scales. (AC +2) [potion of mutation]
 77571 | Slime:4  | Lost mutation: You occasionally shout uncontrollably at
                  | your foes. [potion of mutation]
 77571 | Slime:4  | Lost mutation: You are very dopey. (Int -4) [potion of
                  | mutation]
 77572 | Slime:4  | Lost mutation: You are extremely frail. (-30% HP) [potion
                  | of mutation]
 77572 | Slime:4  | Lost mutation: You evolve. [potion of mutation]
 77572 | Slime:4  | Lost mutation: Your body often deteriorates upon taking
                  | damage. [potion of mutation]
 77572 | Slime:4  | Lost mutation: You are weak. (Str -2) [potion of mutation]
 77573 | Slime:4  | Lost mutation: You are very frail. (-20% HP) [potion of
                  | mutation]
 77573 | Slime:4  | Lost mutation: Your body sometimes deteriorates upon taking
                  | damage. [potion of mutation]
 77573 | Slime:4  | Lost mutation: You have large cloven feet. [potion of
                  | mutation]
 77574 | Slime:4  | Lost mutation: You are frail. (-10% HP) [potion of
                  | mutation]
 77574 | Slime:4  | Lost mutation: You are dopey. (Int -2) [potion of mutation]
 77643 | Slime:5  | Entered Level 5 of the Pits of Slime
 77766 | Slime:5  | Paralysed by a floating eye for 2 turns
 77889 | Slime:5  | Noticed the Royal Jelly
 78456 | Slime:5  | Found a viscous altar of Jiyva.
 78458 | Slime:5  | Found the cursed necklace of Bloodlust {*Rage +Rage MR++
                  | Int-3 Slay+6 *Curse}
 79593 | Zot:1    | Noticed an orb of fire
 79619 | Zot:1    | Killed an orb of fire
 79767 | Zot:2    | Found a runed door.
 79767 | Zot:2    | Noticed Niman's ghost (veteran MfGl)
 79824 | Zot:2    | Killed Niman's ghost
 80086 | Zot:2    | Found a transporter.
 80145 | Zot:2    | Found a transporter.
 80610 | Zot:2    | Identified Puozeg's Almanac of Enchantment and Flames
 82627 | Zot:5    | Entered Level 5 of the Realm of Zot
 82757 | Zot:5    | Found a runed gate.
 82757 | Zot:5    | Found a runed gate.
 82757 | Zot:5    | Found a runed gate.
 82757 | Zot:5    | Noticed Sergey's ghost (adept DDFi)
 82758 | Zot:5    | Noticed Eckapono's ghost (veteran DDFi)
 82790 | Zot:5    | Killed Eckapono's ghost
 82796 | Zot:5    | Killed Sergey's ghost
 82973 | Zot:5    | Noticed an orb of fire
 82992 | Zot:5    | Killed an orb of fire
 83032 | Zot:5    | HP: 12/273 [deathcap/drain life[a curse toe] (8)]
 83461 | Zot:5    | Noticed an orb of fire
 83482 | Zot:5    | Killed an orb of fire
 83510 | Zot:5    | Noticed an orb of fire
 83512 | Zot:5    | Noticed an ancient lich
 83527 | Zot:5    | Noticed an orb of fire
 83527 | Zot:5    | Noticed an orb of fire
 83528 | Zot:5    | Noticed an orb of fire
 83529 | Zot:5    | Noticed an orb of fire
 83544 | Zot:5    | Killed an orb of fire
 83547 | Zot:5    | Killed an orb of fire
 83548 | Zot:5    | Killed an orb of fire
 83553 | Zot:5    | Killed an orb of fire
 83553 | Zot:5    | Reached skill level 27 in Bows
 84018 | Zot:5    | Killed an orb of fire
 84163 | Zot:5    | Noticed an orb of fire
 84176 | Zot:5    | Killed an orb of fire
 84524 | D:9      | Fell from the grace of Zin
 84524 | D:9      | Became a worshipper of the Shining One
 84754 | Coc:1    | Entered Level 1 of Cocytus
 85574 | Coc:1    | Gained mutation: You do not regenerate when monsters are
                  | visible. [mutagenic glow]
 86781 | Slime:5  | Killed the Royal Jelly
 86790 | Slime:5  | HP: 8/273 [acid[the Royal Jelly] (16)]
 87341 | Slime:5  | Got a slimy rune of Zot
 87421 | Slime:5  | Got an ichor-stained plate armour
 87437 | Slime:5  | Identified the cursed +0 plate armour "Gabb" {rC+ Regen+
                  | Int+2 Dex-3} (You found it on level 5 of the Pits of Slime)
 87481 | Slime:5  | Identified the +11 hand crossbow "Adwiuv" {flame, *Slow
                  | rPois Dex+3} (You found it on level 5 of the Pits of Slime)
 87547 | Slime:5  | Got a crude longbow
 87553 | Slime:5  | Identified the +7 longbow of Demand {flame, *Contam +Blink
                  | MR+} (You acquired it on level 5 of the Pits of Slime)
 87987 | Elf:2    | Bought the cursed +0 pair of gloves "Irheish" {rCorr} for
                  | 253 gold pieces
 92504 | Coc:5    | Lost mutation: You are mostly covered in yellow scales. (AC
                  | +3) [potion of mutation]
 92504 | Coc:5    | Lost mutation: You are partially covered in yellow scales.
                  | (AC +2) [potion of mutation]
 92504 | Coc:5    | Gained mutation: Your spells are a little harder to cast,
                  | but a little more powerful. [potion of mutation]
 92504 | Coc:5    | Lost mutation: Your spells are a little harder to cast, but
                  | a little more powerful. [potion of mutation]
 92504 | Coc:5    | Gained mutation: You have sharp toenails. [potion of
                  | mutation]
 92505 | Coc:5    | Lost mutation: You do not regenerate when monsters are
                  | visible. [potion of mutation]
 92505 | Coc:5    | Gained mutation: You are clumsy. (Dex -2) [potion of
                  | mutation]
 92505 | Coc:5    | Gained mutation: You are partially covered in yellow
                  | scales. (AC +2) [potion of mutation]
 95418 | Coc:7    | Entered Level 7 of Cocytus
 97055 | Coc:7    | Identified the Reference Book on Damaging Evil
 97117 | Coc:7    | Identified the Reference Book on Confrontation and Unholy
                  | Rituals
 97125 | Coc:7    | Noticed Antaeus
 97168 | Coc:7    | Killed Antaeus
 97170 | Coc:7    | Got a crude steel ring
 97173 | Coc:7    | Identified the ring of Thoughtfulness {rF- Int+6 Stlth+}
                  | (You took it off Antaeus on level 7 of Cocytus)
 97194 | Coc:7    | Got an icy rune of Zot
 97550 | Tar:1    | Entered Level 1 of Tartarus
 97837 | Tar:1    | Gained mutation: Your body sometimes deteriorates upon
                  | taking damage. [mutagenic glow]
 99722 | Tar:7    | Entered Level 7 of Tartarus
 99849 | Tar:7    | Found the +7 longbow "Piercer" {penet, EV-2}
 99905 | Tar:7    | Identified the +7 dire flail "Semeduofaump" {holy, MR+
                  | Dex+2 SInv} (You found it on level 7 of Tartarus)
100014 | Tar:7    | Noticed an ancient lich
100027 | Tar:7    | Killed an ancient lich
100420 | Tar:7    | Reached skill level 27 in Shields
100441 | Tar:7    | Got a warped tin ring
100562 | Tar:7    | Noticed Ereshkigal
100801 | Tar:7    | Identified the ring "Ecuy" {Ice Int+4 Dex+4} (You took it
                  | off a vampire knight on level 7 of Tartarus)
100987 | Tar:7    | Identified the Catalogue of Hedonism
100996 | Tar:7    | Got a slimy jade ring
101002 | Tar:7    | Identified the +2 leather armour of Valiance {rC+} (You
                  | found it on level 7 of Tartarus)
101003 | Tar:7    | Identified the ring of Nihilism {rF- rC+ MR++ Int+2 Stlth+}
                  | (You found it on level 7 of Tartarus)
101390 | Tar:7    | Killed Ereshkigal
101480 | Tar:7    | Got a bone rune of Zot
101639 | Dis:1    | Entered Level 1 of the Iron City of Dis
101714 | Dis:1    | Reached skill level 1 in Maces & Flails
101936 | Dis:1    | Reached skill level 27 in Invocations
102155 | Dis:2    | Reached skill level 5 in Maces & Flails
102584 | Dis:4    | Reached skill level 10 in Maces & Flails
103908 | Dis:6    | Reached skill level 15 in Maces & Flails
104070 | Dis:7    | Entered Level 7 of the Iron City of Dis
106216 | Dis:7    | Reached skill level 1 in Staves
106349 | Dis:7    | Got an ancient battleaxe
106350 | Dis:7    | Identified the +2 battleaxe of Radicalism {drain, rC++ MR+
                  | Str+4 Int-3} (You found it on level 7 of the Iron City of
                  | Dis)
106384 | Dis:7    | Identified the Collected Works on Orientation
106424 | Dis:7    | Reached skill level 1 in Stealth
106429 | Dis:7    | Identified the +6 plate armour of Modesty {+Inv Dex-4 SInv}
                  | (You found it on level 7 of the Iron City of Dis)
106477 | Dis:7    | Noticed Dispater
106498 | Dis:7    | Killed Dispater
106498 | Dis:7    | Reached skill level 5 in Staves
106520 | Dis:7    | Got an iron rune of Zot
106635 | Dis:7    | Found the +4 arc blade {discharge, rElec}
106641 | Dis:7    | Identified the Handbook of Execration
106648 | Dis:7    | Got a scintillating jade amulet
106690 | Dis:7    | Identified the amulet of the Leaf {rPois Regen+ Str+3
                  | Dex+3} (You found it on level 7 of the Iron City of Dis)
106981 | Dis:7    | Reached skill level 1 in Long Blades
107065 | Pan      | Entered Pandemonium
107115 | Pan      | Reached skill level 10 in Staves
107470 | Pan      | Reached skill level 5 in Long Blades
107831 | Pan      | Identified the Tome of Scorching Dislocation
107843 | Pan      | Got a demonic rune of Zot
108139 | Pan      | Paralysed by a chaos spawn for 6 turns
108217 | Pan      | Got a smoking halberd
108218 | Pan      | Identified the +7 halberd "Izozxyam" {holy, rElec Int-3
                  | Dex+4} (You found it in Pandemonium)
108358 | Pan      | Found an exit through the horrors of the Abyss.
108431 | Pan      | Got a crude leather armour
109005 | Pan      | Reached skill level 15 in Staves
109366 | Pan      | Found a huge runed gate.
110037 | Pan      | Noticed Extat the pandemonium lord
110684 | Pan      | Noticed Saghacr Loll the pandemonium lord
110694 | Pan      | Paralysed by Saghacr Loll for 7 turns
110697 | Pan      | Cast into level 5 of the Abyss (Saghacr Loll)
110697 | Abyss:5  | Entered Level 5 of the Abyss
110737 | Abyss:5  | Found an opulent altar of Gozag.
110797 | Abyss:5  | Found an opulent altar of Gozag.
110896 | Pan      | Escaped the Abyss
111062 | Pan      | Got a shimmering golden ring
111064 | Pan      | Identified the ring "Yrupheg" {rF+ Str+2} (You found it in
                  | Pandemonium)
112000 | Pan      | Entered the realm of Cerebov.
112034 | Pan      | Reached skill level 10 in Long Blades
112050 | Pan      | Found an exit through the horrors of the Abyss.
112522 | Pan      | Identified the +4 great mace "Wippupea" {holy, *Corrode
                  | MP-9 Str+8 Stlth+} (You found it in Pandemonium)
112568 | Pan      | Got a shimmering hat
112579 | Pan      | Identified the cursed +0 hat "Rookkih" {Int-4 Dex+4 Slay+2}
                  | (You found it in Pandemonium)
112637 | Pan      | Noticed Cerebov
112674 | Pan      | Killed Cerebov
112701 | Pan      | Identified the Almanac of the Pink Corner
112719 | Pan      | Identified the +10 spear of Nizegiwolae {pierce, Str+6
                  | Int-4 Dex+3 Stlth+} (You found it in Pandemonium)
112743 | Pan      | Got a fiery rune of Zot
113156 | Pan      | Gained mutation: You are very clumsy. (Dex -4) [a
                  | cacodemon]
113187 | Pan      | Found a huge runed gate.
113626 | Pan      | Noticed Qoith the pandemonium lord
113651 | Pan      | Killed Qoith the pandemonium lord
113673 | Pan      | Entered the realm of Gloorx Vloq.
113785 | Pan      | Found an exit through the horrors of the Abyss.
114210 | Pan      | Noticed Gloorx Vloq
116081 | Pan      | Killed Gloorx Vloq
116147 | Pan      | Got a dark rune of Zot
116267 | Pan      | Entered the realm of Mnoleg.
116269 | Pan      | Gained mutation: You are dopey. (Int -2) [a cacodemon]
116409 | Pan      | Lost intelligence.
116447 | Pan      | Lost intelligence.
116450 | Pan      | Gained mutation: Your body often deteriorates upon taking
                  | damage. [a cacodemon]
116454 | Pan      | Gained mutation: You have razor-sharp toenails. [a
                  | cacodemon]
116481 | Pan      | Gained mutation: Scrolls take you a little longer to read.
                  | [a neqoxec]
116482 | Pan      | Gained mutation: You are frail. (-10% HP) [a neqoxec]
116483 | Pan      | Gained mutation: You are weak. (Str -2) [a neqoxec]
116501 | Pan      | Gained mutation: Potions are less effective at restoring
                  | your health. [a neqoxec]
116529 | Pan      | Lost intelligence.
116697 | Pan      | Lost intelligence.
116714 | Pan      | Gained mutation: You are very frail. (-20% HP) [a shining
                  | eye]
117093 | Pan      | Gained mutation: Scrolls take you longer to read. [a
                  | neqoxec]
117096 | Pan      | Gained mutation: You do not regenerate when monsters are
                  | visible. [a neqoxec]
117096 | Pan      | Gained mutation: You are very weak. (Str -4) [a neqoxec]
117107 | Pan      | Noticed Mnoleg
117119 | Pan      | Paralysed by a floating eye for 2 turns
117128 | Pan      | Gained mutation: You occasionally shout uncontrollably at
                  | your foes. [a shining eye]
117133 | Pan      | Killed Mnoleg
117136 | Pan      | Gained mutation: You are extremely frail. (-30% HP) [a
                  | cacodemon]
117155 | Pan      | Gained mutation: Your magical capacity is low. (-10% MP) [a
                  | shining eye]
117156 | Pan      | Gained mutation: Armour fits poorly on your strangely
                  | shaped body. [a shining eye]
117249 | Pan      | Lost mutation: You do not regenerate when monsters are
                  | visible. [a neqoxec]
117275 | Pan      | Got a glowing rune of Zot
117301 | Pan      | Got an ancient chain mail
117325 | Pan      | Gained mutation: You do not regenerate when monsters are
                  | visible. [a neqoxec]
117326 | Pan      | Gained mutation: Your spells are a little easier to cast,
                  | but a little less powerful. [a neqoxec]
117330 | Pan      | Identified the +3 chain mail of the Flute {rC+ MR+} (You
                  | found it in Pandemonium)
117354 | Pan      | Lost intelligence.
117394 | Depths:2 | Escaped Pandemonium
117752 | Temple   | Fell from the grace of the Shining One
117752 | Temple   | Became a worshipper of Zin the Law-Giver
117961 | D:12     | Donated 3038 gold pieces to Zin
118081 | Depths:4 | Voluntarily entered the Abyss.
118368 | Abyss:1  | Reached skill level 1 in Polearms
118563 | Depths:4 | Escaped the Abyss
118565 | Depths:4 | Lost mutation: Your body often deteriorates upon taking
                  | damage. [potion of mutation]
118565 | Depths:4 | Lost mutation: Your magical capacity is low. (-10% MP)
                  | [potion of mutation]
118565 | Depths:4 | Lost mutation: You occasionally shout uncontrollably at
                  | your foes. [potion of mutation]
118565 | Depths:4 | Lost mutation: Armour fits poorly on your strangely shaped
                  | body. [potion of mutation]
118566 | Depths:4 | Lost mutation: You are partially covered in yellow scales.
                  | (AC +2) [potion of mutation]
118566 | Depths:4 | Lost mutation: You are dopey. (Int -2) [potion of mutation]
118566 | Depths:4 | Lost mutation: Scrolls take you longer to read. [potion of
                  | mutation]
118567 | Depths:4 | Lost mutation: Your body sometimes deteriorates upon taking
                  | damage. [potion of mutation]
118567 | Depths:4 | Lost mutation: You are very clumsy. (Dex -4) [potion of
                  | mutation]
118567 | Depths:4 | Lost mutation: Your spells are a little easier to cast, but
                  | a little less powerful. [potion of mutation]
118568 | Depths:4 | Lost mutation: Scrolls take you a little longer to read.
                  | [potion of mutation]
118568 | Depths:4 | Lost mutation: You are extremely frail. (-30% HP) [potion
                  | of mutation]
118568 | Depths:4 | Lost mutation: You are very frail. (-20% HP) [potion of
                  | mutation]
118569 | Depths:4 | Lost mutation: You are very weak. (Str -4) [potion of
                  | mutation]
118569 | Depths:4 | Lost mutation: You are frail. (-10% HP) [potion of
                  | mutation]
118569 | Depths:4 | Lost mutation: You are clumsy. (Dex -2) [potion of
                  | mutation]
118569 | Depths:4 | Lost mutation: You have razor-sharp toenails. [potion of
                  | mutation]
118570 | Depths:4 | Lost mutation: You are weak. (Str -2) [potion of mutation]
118570 | Depths:4 | Lost mutation: Potions are less effective at restoring your
                  | health. [potion of mutation]
118570 | Depths:4 | Lost mutation: You do not regenerate when monsters are
                  | visible. [potion of mutation]
118794 | D:9      | Fell from the grace of Zin
118794 | D:9      | Became a worshipper of the Shining One
119004 | Pan      | Entered the realm of Lom Lobon.
119004 | Pan      | Entered Pandemonium
119185 | Pan      | Noticed Lom Lobon
119247 | Pan      | Killed Lom Lobon
119247 | Pan      | Reached skill level 15 in Long Blades
119263 | Pan      | Got a magical rune of Zot
119534 | Pan      | Found an exit through the horrors of the Abyss.
120089 | Pan      | Took an exit into the Abyss.
120089 | Abyss:1  | Escaped into the Abyss
120089 | Abyss:1  | Found a corrupted altar of Lugonu.
120089 | Abyss:1  | Found a shimmering altar of Xom.
120114 | Abyss:1  | Found a corrupted altar of Lugonu.
120185 | Abyss:1  | Reached skill level 5 in Polearms
120266 | Depths:2 | Escaped the Abyss
120621 | Tomb:2   | Noticed Khufu
120621 | Tomb:2   | Noticed a greater mummy
120628 | Tomb:2   | Noticed a greater mummy
120629 | Tomb:2   | Noticed a greater mummy
120629 | Tomb:2   | Noticed a greater mummy
120629 | Tomb:2   | Noticed a greater mummy
121115 | Tomb:2   | Killed Khufu
121116 | Tomb:2   | Noticed a greater mummy
121239 | Tomb:2   | Killed a greater mummy
121258 | Tomb:2   | Killed a greater mummy
121259 | Tomb:2   | Killed a greater mummy
121265 | Tomb:2   | Killed a greater mummy
121288 | Tomb:2   | Killed a greater mummy
121410 | Tomb:2   | Killed a greater mummy
121552 | Tomb:1   | Noticed a greater mummy
121556 | Tomb:1   | Noticed a greater mummy
121561 | Tomb:1   | Killed a greater mummy
121567 | Tomb:1   | Killed a greater mummy
121580 | Tomb:1   | Noticed a greater mummy
121584 | Tomb:1   | Noticed a greater mummy
121589 | Tomb:1   | Killed a greater mummy
121598 | Tomb:1   | Killed a greater mummy
121879 | Tomb:1   | Noticed a greater mummy
121887 | Tomb:1   | Killed a greater mummy
121888 | Tomb:1   | Noticed a greater mummy
121892 | Tomb:1   | Killed a greater mummy
121919 | Tomb:1   | Noticed a greater mummy
121932 | Tomb:1   | Killed a greater mummy
122032 | Tomb:1   | Noticed a greater mummy
122035 | Tomb:1   | Noticed a greater mummy
122046 | Tomb:1   | Killed a greater mummy
122066 | Tomb:1   | Noticed a greater mummy
122071 | Tomb:1   | Killed a greater mummy
122072 | Tomb:1   | Noticed a greater mummy
122080 | Tomb:1   | Killed a greater mummy
122080 | Tomb:1   | Lost intelligence.
122083 | Tomb:1   | Noticed a greater mummy
122084 | Tomb:1   | Killed a greater mummy
122088 | Tomb:1   | Killed a greater mummy
122552 | Tomb:1   | Noticed a greater mummy
122562 | Tomb:1   | Killed a greater mummy
122566 | Tomb:1   | Noticed a greater mummy
122577 | Tomb:1   | Killed a greater mummy
122748 | Tomb:1   | Noticed a greater mummy
122761 | Tomb:1   | Killed a greater mummy
122765 | Tomb:1   | Noticed a greater mummy
122778 | Tomb:1   | Killed a greater mummy
122840 | Tomb:1   | Noticed a greater mummy
122845 | Tomb:1   | Killed a greater mummy
122845 | Tomb:1   | Reached skill level 10 in Polearms
123057 | Tomb:1   | Noticed a greater mummy
123064 | Tomb:1   | Killed a greater mummy
123506 | Tomb:1   | Noticed a greater mummy
123512 | Tomb:1   | Noticed a greater mummy
123520 | Tomb:1   | Killed a greater mummy
123529 | Tomb:1   | Killed a greater mummy
123530 | Tomb:1   | Noticed a greater mummy
123546 | Tomb:1   | Killed a greater mummy
123845 | Tomb:3   | Entered Level 3 of the Tomb of the Ancients
123880 | Tomb:3   | Noticed a greater mummy
123893 | Tomb:3   | Reached skill level 27 in Maces & Flails
123895 | Tomb:3   | Killed a greater mummy
124301 | Tomb:3   | Noticed a greater mummy
124317 | Tomb:3   | Killed a greater mummy
124318 | Tomb:3   | Noticed a greater mummy
124329 | Tomb:3   | Killed a greater mummy
124330 | Tomb:3   | Noticed a greater mummy
124339 | Tomb:3   | Noticed a greater mummy
124342 | Tomb:3   | Killed a greater mummy
124351 | Tomb:3   | Noticed a greater mummy
124351 | Tomb:3   | Noticed a greater mummy
124357 | Tomb:3   | Killed a greater mummy
124357 | Tomb:3   | Noticed a greater mummy
124358 | Tomb:3   | Killed a greater mummy
124360 | Tomb:3   | Killed a greater mummy
124364 | Tomb:3   | Noticed a greater mummy
124367 | Tomb:3   | Killed a greater mummy
124374 | Tomb:3   | Killed a greater mummy
124603 | Tomb:3   | Got a golden rune of Zot
124678 | Tomb:3   | Identified the +2 great sword "Cuawk" {venom, rC- Dex+4
                  | SInv Stlth+} (You found it on level 3 of the Tomb of the
                  | Ancients)
124682 | Tomb:3   | Got a scorched marble ring
124732 | Tomb:3   | Identified the +5 plate armour "Ninguetu" {rPois rC+} (You
                  | found it on level 3 of the Tomb of the Ancients)
124745 | Tomb:3   | Identified the Compendium of Combat Magic
124751 | Tomb:3   | Identified the cursed +3 morningstar "Johaitex" {drain,
                  | +Fly rPois Str+4} (You found it on level 3 of the Tomb of
                  | the Ancients)
124754 | Tomb:3   | Identified the +1 scale mail "Bouliura" {rC++ rN++ Str+3}
                  | (You found it on level 3 of the Tomb of the Ancients)
124760 | Tomb:3   | Identified the +2 plate armour "Wewnuik" {*Drain rC+ Int+3
                  | Slay+2} (You found it on level 3 of the Tomb of the
                  | Ancients)
124778 | Tomb:3   | Got an encrusted hand crossbow
124779 | Tomb:3   | Identified the cursed +1 hand crossbow of the Spinneret
                  | {velocity, -Tele Str+4 Int+4} (You found it on level 3 of
                  | the Tomb of the Ancients)
124789 | Tomb:3   | Lost intelligence.
124789 | Tomb:3   | Identified the ring "Buiv" {rPois rN+ MR+ Int-5} (You found
                  | it on level 3 of the Tomb of the Ancients)
125402 | Zig:1    | Entered Level 1 of a ziggurat
125402 | Zig:1    | Noticed Ufextisi the pandemonium lord
125413 | Zig:1    | Killed Ufextisi the pandemonium lord
125425 | Zig:2    | Entered Level 2 of a ziggurat
125436 | Zig:3    | Entered Level 3 of a ziggurat
125440 | Zig:3    | Reached skill level 27 in Staves
125461 | Zig:4    | Entered Level 4 of a ziggurat
125462 | Zig:4    | Noticed Seutt the pandemonium lord
125471 | Zig:4    | Killed Seutt the pandemonium lord
125481 | Zig:5    | Entered Level 5 of a ziggurat
125484 | Zig:5    | Paralysed by a floating eye for 4 turns
125509 | Zig:5    | Got a pitted garnet amulet
125519 | Zig:5    | Identified the Guide on Beguiling
125523 | Zig:5    | Got a faintly glowing quarterstaff
125524 | Zig:5    | Identified the +7 quarterstaff "Wish" {holy, MR+ Int+4 SInv
                  | Stlth+} (You found it on level 5 of a ziggurat)
125526 | Zig:5    | Got a warped cloak
125537 | Zig:5    | Identified the +2 cloak "Jilyo" {*Corrode rPois rN+ MR+
                  | Dex+4} (You acquired it on level 5 of a ziggurat)
125550 | Zig:5    | Identified the amulet of Satackui {RegenMP rN+ Stlth+} (You
                  | found it on level 5 of a ziggurat)
125554 | Zig:6    | Entered Level 6 of a ziggurat
125560 | Zig:6    | Noticed a juggernaut
125565 | Zig:6    | Noticed a juggernaut
125571 | Zig:6    | Killed a juggernaut
125578 | Zig:6    | Killed a juggernaut
125619 | Zig:7    | Entered Level 7 of a ziggurat
125688 | Zig:7    | Got a transparent falchion
125690 | Zig:7    | Identified the +11 falchion "Cufrah" {elec, rN+ Str+4
                  | Dex-2} (You found it on level 7 of a ziggurat)
125694 | Zig:8    | Entered Level 8 of a ziggurat
125777 | Zig:9    | Entered Level 9 of a ziggurat
125791 | Zig:9    | Noticed Zoran the pandemonium lord
125798 | Zig:9    | Killed Zoran the pandemonium lord
125869 | Zig:10   | Entered Level 10 of a ziggurat
125997 | Zig:11   | Entered Level 11 of a ziggurat
126160 | Zig:12   | Entered Level 12 of a ziggurat
126181 | Zig:12   | Noticed a greater mummy
126181 | Zig:12   | Noticed a greater mummy
126204 | Zig:12   | Killed a greater mummy
126217 | Zig:12   | Killed a greater mummy
126248 | Zig:12   | Identified the Catalogue of Arcane Weapons and the Rocks
126251 | Zig:12   | Got a steaming iron ring
126272 | Zig:12   | Got a fine turquoise ring
126344 | Zig:12   | Identified the ring "Wifiripu" {rC++ Str+2} (You found it
                  | on level 12 of a ziggurat)
126346 | Zig:12   | Identified the ring of Cenurem {*Contam rElec rN+ Dex+3
                  | Stlth+} (You found it on level 12 of a ziggurat)
126517 | Zig:13   | Entered Level 13 of a ziggurat
126588 | Zig:13   | Reached skill level 15 in Short Blades
127066 | Zig:13   | Got a steaming war axe
127067 | Zig:13   | Identified the cursed +0 war axe "Kofawoj" {venom, rF+ rN+
                  | Dex+2 Stlth+} (You found it on level 13 of a ziggurat)
127093 | Zig:14   | Entered Level 14 of a ziggurat
127457 | Zig:15   | Entered Level 15 of a ziggurat
127487 | Zig:15   | Noticed an ancient lich
127487 | Zig:15   | Noticed an ancient lich
127499 | Zig:15   | Killed an ancient lich
127505 | Zig:15   | Killed an ancient lich
128044 | Zig:16   | Entered Level 16 of a ziggurat
128116 | Zig:16   | Noticed an ancient lich
128137 | Zig:16   | Killed an ancient lich
128189 | Zig:16   | Got a pair of polished boots
128200 | Zig:16   | Identified the +0 pair of boots "Inkoit" {rC+ Str+2} (You
                  | found it on level 16 of a ziggurat)
128311 | Zig:17   | Entered Level 17 of a ziggurat
128620 | Zig:18   | Entered Level 18 of a ziggurat
128785 | Zig:18   | Found the +3 sling "Punk" {acid, rCorr}
128865 | Zig:18   | Got a faintly glowing arbalest
128868 | Zig:18   | Identified the +0 arbalest of the Vaults {penet, +Inv rC+
                  | rN+} (You found it on level 18 of a ziggurat)
128876 | Zig:18   | Got a bronze chain mail
128885 | Zig:19   | Entered Level 19 of a ziggurat
128909 | Zig:19   | Noticed Obywnaaz the pandemonium lord
128921 | Zig:19   | Noticed Siedok the pandemonium lord
128923 | Zig:19   | Killed Obywnaaz the pandemonium lord
128926 | Zig:19   | Noticed Raewiw the pandemonium lord
128928 | Zig:19   | Noticed Gutaob the pandemonium lord
128934 | Zig:19   | Killed Siedok the pandemonium lord
128944 | Zig:19   | Noticed Penacvics the pandemonium lord
128946 | Zig:19   | Noticed Lucsyade the pandemonium lord
128963 | Zig:19   | Noticed Atwoapra the pandemonium lord
128977 | Zig:19   | Killed Atwoapra the pandemonium lord
129034 | Zig:19   | Killed Penacvics the pandemonium lord
129056 | Zig:19   | Killed Gutaob the pandemonium lord
129078 | Zig:19   | Killed Lucsyade the pandemonium lord
129198 | Zig:19   | Killed Raewiw the pandemonium lord
129861 | Zig:20   | Entered Level 20 of a ziggurat
130408 | Zig:20   | Identified the Compendium of the Arsonist and Conjuration
130410 | Zig:20   | Identified the Handbook of the Frostbite and Conjuration
130439 | Zig:20   | Identified the Handbook of Agnosticism
130448 | Zig:20   | Got a pair of bloodstained boots
130459 | Zig:20   | Identified the +0 pair of boots of Zin's Brutal Revenge
                  | {rPois rCorr Dex-5 SInv} (You found it on level 20 of a
                  | ziggurat)
130492 | Zig:21   | Entered Level 21 of a ziggurat
130596 | Zig:21   | Noticed an ancient lich
130603 | Zig:21   | Killed an ancient lich
130603 | Zig:21   | Reached skill level 27 in Long Blades
130810 | Zig:21   | Noticed an ancient lich
130817 | Zig:21   | Killed an ancient lich
131121 | Zig:22   | Entered Level 22 of a ziggurat
131150 | Zig:22   | Noticed Julas the pandemonium lord
131173 | Zig:22   | Killed Julas the pandemonium lord
131213 | Zig:22   | HP: 12/272 [flayed ghost[an infernal corrupter] (13)]
131232 | Zig:22   | Gained mutation: You evolve. [a cacodemon]
131237 | Zig:22   | Gained mutation: Potions are less effective at restoring
                  | your health. [a cacodemon]
131241 | Zig:22   | Lost mutation: You have sharp toenails. [potion of
                  | mutation]
131241 | Zig:22   | Lost mutation: You evolve. [potion of mutation]
131241 | Zig:22   | Lost mutation: Potions are less effective at restoring your
                  | health. [potion of mutation]
131241 | Zig:22   | Gained mutation: You are partially covered in molten
                  | scales. (AC +2) [potion of mutation]
131241 | Zig:22   | Gained mutation: You tend to lose your temper in combat.
                  | [potion of mutation]
131241 | Zig:22   | Gained mutation: Your mind is acute. (Int +2) [potion of
                  | mutation]
131242 | Zig:22   | Lost mutation: You tend to lose your temper in combat.
                  | [potion of mutation]
131242 | Zig:22   | Lost mutation: Your mind is acute. (Int +2) [potion of
                  | mutation]
131242 | Zig:22   | Lost mutation: You are partially covered in molten scales.
                  | (AC +2) [potion of mutation]
131242 | Zig:22   | Gained mutation: You evolve. [potion of mutation]
131242 | Zig:22   | Gained mutation: You expend magic power (3 MP) to
                  | strengthen your wands. [potion of mutation]
131242 | Zig:22   | Gained mutation: Your flesh is heat resistant. (rF+)
                  | [potion of mutation]
131629 | Zig:22   | Got a heavily runed glass ring
131739 | Zig:23   | Entered Level 23 of a ziggurat
131910 | Zig:23   | Gained mutation: You tend to lose your temper in combat. [a
                  | shining eye]
131912 | Zig:23   | Lost mutation: Your flesh is heat resistant. (rF+) [potion
                  | of mutation]
131912 | Zig:23   | Lost mutation: You tend to lose your temper in combat.
                  | [potion of mutation]
131912 | Zig:23   | Lost mutation: You expend magic power (3 MP) to strengthen
                  | your wands. [potion of mutation]
131912 | Zig:23   | Gained mutation: You are partially covered in rugged brown
                  | scales. (AC +1, +3% HP) [potion of mutation]
131912 | Zig:23   | Gained mutation: Your spells are a little easier to cast,
                  | but a little less powerful. [potion of mutation]
131912 | Zig:23   | Gained mutation: You have a pair of large horns on your
                  | head. [potion of mutation]
131912 | Zig:23   | Gained mutation: You have an increased reservoir of magic.
                  | (+10% MP) [potion of mutation]
131989 | Zig:23   | Gained mutation: Your spells are easier to cast, but less
                  | powerful. [a shining eye]
132274 | Zig:23   | Identified the ring "Toso" {rPois Dex+3 SInv} (You found it
                  | on level 22 of a ziggurat)
132279 | Zig:23   | Got a smoking bone ring
132280 | Zig:23   | Identified the ring "Esusatot" {Wiz Int+2} (You acquired it
                  | on level 23 of a ziggurat)
132293 | Zig:24   | Entered Level 24 of a ziggurat
132322 | Zig:24   | Noticed Ecuo the pandemonium lord
132330 | Zig:24   | Killed Ecuo the pandemonium lord
132355 | Zig:24   | Noticed Ceeren the pandemonium lord
132364 | Zig:24   | Killed Ceeren the pandemonium lord
132365 | Zig:24   | Noticed Wonnobye the pandemonium lord
132385 | Zig:24   | Killed Wonnobye the pandemonium lord
132401 | Zig:24   | Noticed Uqela the pandemonium lord
132406 | Zig:24   | Killed Uqela the pandemonium lord
132406 | Zig:24   | Reached skill level 27 in Short Blades
132430 | Zig:24   | Noticed Sorool the pandemonium lord
132443 | Zig:24   | Killed Sorool the pandemonium lord
132458 | Zig:24   | Noticed Unutuk the pandemonium lord
132474 | Zig:24   | Killed Unutuk the pandemonium lord
132474 | Zig:24   | Noticed Jyagaloson the pandemonium lord
132479 | Zig:24   | Noticed Wuximn the pandemonium lord
132480 | Zig:24   | Noticed Loplusam the pandemonium lord
132482 | Zig:24   | Killed Jyagaloson the pandemonium lord
132482 | Zig:24   | Noticed Byus the pandemonium lord
132487 | Zig:24   | Noticed Oremo the pandemonium lord
132494 | Zig:24   | Noticed Wiceeppe the pandemonium lord
132495 | Zig:24   | Noticed Apsucy the pandemonium lord
132534 | Zig:24   | Identified the Handbook of Mysticism
132537 | Zig:24   | Got a shimmering battleaxe
132538 | Zig:24   | Identified the cursed +0 battleaxe "Leatososk" {flame,
                  | rF++} (You found it on level 24 of a ziggurat)
132545 | Zig:24   | Killed Wiceeppe the pandemonium lord
132558 | Zig:24   | Noticed Wasytoc the pandemonium lord
132562 | Zig:24   | Noticed Gasus the pandemonium lord
132563 | Zig:24   | Killed Byus the pandemonium lord
132568 | Zig:24   | Noticed Joash the pandemonium lord
132569 | Zig:24   | Noticed Juegedud the pandemonium lord
132586 | Zig:24   | Killed Loplusam the pandemonium lord
132593 | Zig:24   | Killed Joash the pandemonium lord
132606 | Zig:24   | Killed Oremo the pandemonium lord
132614 | Zig:24   | Killed Gasus the pandemonium lord
132614 | Zig:24   | Reached skill level 15 in Polearms
132623 | Zig:24   | Killed Apsucy the pandemonium lord
132638 | Zig:24   | Killed Wuximn the pandemonium lord
132650 | Zig:24   | Killed Wasytoc the pandemonium lord
132656 | Zig:24   | Killed Juegedud the pandemonium lord
132670 | Zig:24   | Gained mutation: You are weak. (Str -2) [evolution]
132730 | Zig:24   | Got a flickering bone amulet
132957 | Zig:24   | Identified the amulet of Ruruerr {Spirit SInv} (You found
                  | it on level 24 of a ziggurat)
132963 | Zig:25   | Entered Level 25 of a ziggurat
133015 | Zig:25   | Noticed an ancient lich
133025 | Zig:25   | Killed an ancient lich
133064 | Zig:25   | Noticed an ancient lich
133064 | Zig:25   | Noticed an ancient lich
133066 | Zig:25   | Noticed an ancient lich
133121 | Zig:25   | Killed an ancient lich
133471 | Zig:25   | Identified the Papyrus of Mutagenic Flight
133538 | Zig:25   | Killed an ancient lich
133544 | Zig:25   | Killed an ancient lich
133746 | Zig:25   | Identified the cursed +0 ring mail of Infinity {Int+6} (You
                  | found it on level 25 of a ziggurat)
133748 | Zig:25   | Identified the +6 broad axe "Keosiemeann" {distort, +Inv
                  | rC+ SInv Stlth-} (You found it on level 25 of a ziggurat)
133769 | Zig:25   | Got a fine bone ring
133770 | Zig:25   | Identified the ring of the Eleven Continents {MR+ Int+4
                  | Slay+3} (You acquired it on level 25 of a ziggurat)
133784 | Zig:25   | Got a distressingly furry shield
133791 | Zig:25   | Identified the +0 shield of Pessimism {rCorr} (You acquired
                  | it on level 25 of a ziggurat)
133812 | Zig:26   | Entered Level 26 of a ziggurat
134409 | Zig:26   | Got a twitching amethyst amulet
134440 | Zig:26   | Identified the amulet "Mecrefru" {Faith *Drain Str+6
                  | Stlth+} (You found it on level 26 of a ziggurat)
134501 | Zig:27   | Entered Level 27 of a ziggurat
134519 | Zig:27   | Noticed a juggernaut
134521 | Zig:27   | Noticed a juggernaut
134523 | Zig:27   | Killed a juggernaut
134523 | Zig:27   | Noticed a juggernaut
134528 | Zig:27   | Killed a juggernaut
134538 | Zig:27   | Killed a juggernaut
134622 | Zig:27   | Noticed a juggernaut
134630 | Zig:27   | Killed a juggernaut
134657 | Zig:27   | Noticed a juggernaut
134665 | Zig:27   | Noticed a juggernaut
134666 | Zig:27   | Killed a juggernaut
134673 | Zig:27   | Noticed a juggernaut
134676 | Zig:27   | Noticed a juggernaut
134684 | Zig:27   | Noticed a juggernaut
134685 | Zig:27   | Killed a juggernaut
134685 | Zig:27   | Noticed a juggernaut
134813 | Zig:27   | Killed a juggernaut
134825 | Zig:27   | Killed a juggernaut
134851 | Zig:27   | Killed a juggernaut
134899 | Zig:27   | HP: 14/281 [stone giant/large rock (22)]
134910 | Zig:27   | Killed a juggernaut
135189 | Zig:27   | Lost mutation: Your spells are easier to cast, but less
                  | powerful. [evolution]
135323 | Zig:27   | Got a translucent ivory ring
135418 | Zig:27   | Identified the cursed ring "Oclashue" {rC+ AC-2 Int+3
                  | Stlth+} (You found it on level 27 of a ziggurat)
135426 | Zig:27   | Got a translucent flail
135430 | Zig:27   | Got a pitted quarterstaff
135434 | Zig:27   | Got an ichor-stained flail
135437 | Zig:27   | Identified the cursed +0 flail "Pimeb" {elec, *Drain +Inv
                  | rElec Str-4} (You found it on level 27 of a ziggurat)
135811 | D:10     | You paid a toll of +4 fire dragon scales to enter a
                  | treasure trove
135812 | Trove    | Entered a treasure trove
135830 | Trove    | Got a transparent glaive
135850 | Trove    | Found the +7 sceptre of Torment
135865 | Trove    | Got a scorched mace
135867 | Trove    | Got a sapphire rapier
135926 | D:10     | Identified the +7 glaive "Faudgh" {freeze, +Fly rF++ rC-}
                  | (You found it in a treasure trove)
135932 | D:10     | Identified the cursed +2 mace of Defiance {speed, +Inv
                  | Int+3 Stlth+} (You found it in a treasure trove)
135934 | D:10     | Identified the +2 rapier of Understanding {protect, +Blink
                  | rN+ Int+4 Dex-4} (You found it in a treasure trove)
136159 | Depths:4 | Voluntarily entered the Abyss.
136167 | Abyss:1  | Got a crystal broad axe
136168 | Abyss:1  | Identified the +9 broad axe of Extermination {distort,
                  | rPois rF++ Dex-2 Stlth+} (You found it on level 1 of the
                  | Abyss)
136255 | Abyss:1  | Reached skill level 1 in Throwing
136409 | Abyss:1  | Got a steaming bone amulet
136411 | Abyss:1  | Identified the amulet of Fanaticism {Inacc rC++ rN+} (You
                  | found it on level 1 of the Abyss)
136464 | Depths:4 | Escaped the Abyss
136473 | Depths:4 | Voluntarily entered the Abyss.
136546 | Abyss:1  | Gained mutation: You have a considerably increased
                  | reservoir of magic. (+20% MP) [mutagenic glow]
136761 | Abyss:1  | Reached skill level 5 in Throwing
137486 | Abyss:3  | Reached skill level 27 in Polearms
137716 | Abyss:3  | Noticed an ancient lich
137743 | Abyss:3  | Killed an ancient lich
137743 | Abyss:3  | Reached skill level 10 in Throwing
137768 | Depths:4 | Escaped the Abyss
137990 | Zot:5    | Got the Orb of Zot
138092 | Zot:4    | Noticed Miarphior the pandemonium lord
138356 | D:12     | Noticed Citoitz the pandemonium lord
138372 | D:12     | Killed Citoitz the pandemonium lord
138634 | D:1      | Lost mutation: You are weak. (Str -2) [potion of mutation]
138634 | D:1      | Lost mutation: You are partially covered in rugged brown
                  | scales. (AC +1, +3% HP) [potion of mutation]
138634 | D:1      | Lost mutation: You have a pair of large horns on your head.
                  | [potion of mutation]
138634 | D:1      | Lost mutation: You evolve. [potion of mutation]
138634 | D:1      | Gained mutation: You possess an exceptional clarity of
                  | mind. [potion of mutation]
138638 | D:$      | Escaped with the Orb!

Skill      XL: |  1  2  3  4  5  6  7  8  9 10 11 12 13 14 15 16 17 18 19 20 21 22 23 24 25 26 27 |
---------------+----------------------------------------------------------------------------------+-----
Dodging        | 1 2 3 4 5 6 8 9 10 11 12 13 14 15 16 17 18 19 27 | 27.0
Armour         | 4 5 6 7 8 9 10 11 12 14 15 16 17 18 19 20 21 22 23 24 27 | 27.0
Fighting       | 4 5 6 7 8 9 10 11 12 14 15 16 17 18 19 20 21 22 23 24 27 | 27.0
Shields        | 4 5 6 8 10 12 13 14 15 27 | 27.0
Axes           | 3 4 5 6 8 9 11 12 13 15 16 17 19 20 27 | 27.0
Short Blades   | 2 6 8 10 11 13 14 27 | 27.0
Invocations    | 4 5 7 9 10 11 12 13 14 15 16 27 | 27.0
Bows           | 4 7 9 10 12 13 15 16 17 19 27 | 27.0
Maces & Flails | 27 | 27.0
Staves         | 27 | 27.0
Stealth        | 1 |  1.0
Long Blades    | 27 | 27.0
Polearms       | 27 | 27.0
Throwing       | 13 | 13.5

Action                   |  1- 3 |  4- 6 |  7- 9 | 10-12 | 13-15 | 16-18 | 19-21 | 22-24 | 25-27 || total
-------------------------+-------+-------+-------+-------+-------+-------+-------+-------+-------++-------
Melee: War axe           |    87 |   153 |       |       |       |       |       |       |  9440 ||  9680
       Headbutt          |     7 |    25 |    43 |   146 |   405 |   550 |   814 |  1139 |  5707 ||  8836
       Cutlass           |       |       |   216 |   625 |  1273 |  1644 |  2060 |  2594 |  1722 || 10134
       Broad axe         |       |       |       |       |       |       |       |       |   824 ||   824
       Great mace        |       |       |       |       |       |       |       |       |  2550 ||  2550
       Battleaxe         |       |       |       |       |       |       |       |       |   478 ||   478
       Quarterstaff      |       |       |       |       |       |       |       |       |   114 ||   114
       Great sword       |       |       |       |       |       |       |       |       |    47 ||    47
       Halberd           |       |       |       |       |       |       |       |       |     1 ||     1
       Unarmed           |       |       |       |       |       |       |       |       |     1 ||     1
 Fire: Longbow           |       |       |       |       |       |       |       |       |  1823 ||  1823
Invok: Divine Shield     |       |       |       |       |     2 |       |       |       |     1 ||     3
       Summon Divine War |       |       |       |       |       |       |     1 |     1 |    47 ||    49
       Cleansing Flame   |       |       |       |       |       |       |       |       |   128 ||   128
       Recite            |       |       |       |       |       |       |       |       |     5 ||     5
       Donate Gold       |       |       |       |       |       |       |       |       |     2 ||     2
       Imprison          |       |       |       |       |       |       |       |       |     1 ||     1
 Abil: Stop Flying       |       |       |       |       |       |       |       |       |     1 ||     1
       Evoke Flight      |       |       |       |       |       |       |       |       |     1 ||     1
Evoke: Wand              |       |       |       |       |       |       |     1 |       |    15 ||    16
  Use: Potion            |       |     1 |    11 |     2 |       |     3 |       |     1 |   116 ||   134
       Scroll            |       |       |    11 |       |    13 |     6 |     6 |     7 |   148 ||   191
 Stab: Distracted        |       |       |       |       |       |       |       |       |     1 ||     1
  Eat: Chunk             |     1 |     7 |    28 |    15 |    24 |    31 |    24 |    27 |    66 ||   223
       Ration            |       |       |       |       |     1 |     1 |     4 |     2 |    74 ||    82
Armor: Scale mail        |    50 |    53 |    22 |       |       |       |       |       |       ||   125
       Plate armour      |       |       |    34 |   168 |   111 |   131 |   432 |   369 |       ||  1245
       Leather armour    |       |       |       |       |    69 |       |       |       |       ||    69
       Ring mail         |       |       |       |       |    59 |    43 |       |       |       ||   102
       Chain mail        |       |       |       |       |       |    49 |       |    73 |    41 ||   163
       Gold dragon scale |       |       |       |       |       |       |       |       |  6048 ||  6048
       Skin              |       |       |       |       |       |       |       |       |    36 ||    36
Dodge: Dodged            |    36 |    31 |    40 |   138 |   425 |   382 |   745 |   709 |  9842 || 12348
Block: Shield            |    50 |    85 |   101 |   147 |   414 |   511 |   592 |   859 |  6683 ||  9442
       Other             |       |       |       |       |     9 |       |       |       |    23 ||    32
       Reflection        |       |       |       |       |       |    19 |    61 |    48 |    84 ||   212
       Rpst.: Great sword |       |       |       |       |       |       |       |       |     9 ||     9
